Workbook

Sheet RESUMEN 
A1: MUNICIPIO | B1: BENEFICIARIOS | C1: No. RUTAS | D1: VALOR TOTAL
A2: SANTIAGO | B2: =+'PRESUPUESTO 2022'!G497 -> 357 | C2: 13 | D2: =+'PRESUPUESTO 2022'!L497 -> 4.3166351e+08
A3: COLON | B3: =+'PRESUPUESTO 2022'!G13 -> 196 | C3: 11 | D3: =+'PRESUPUESTO 2022'!L13 -> 2.3992402e+08
A4: SIBUNDOY | B4: =+'PRESUPUESTO 2022'!G524 -> 766 | C4: 26 | D4: =+'PRESUPUESTO 2022'!L524 -> 6.1463359e+08
A5: SAN FRANCISCO | B5: =+'PRESUPUESTO 2022'!G415 -> 229 | C5: 21 | D5: =+'PRESUPUESTO 2022'!L415 -> 1.8753491e+08
A6: MOCOA | B6: =+'PRESUPUESTO 2022'!G150 -> 912 | C6: 24 | D6: =+'PRESUPUESTO 2022'!L150 -> 1.0746653e+09
A7: VILLAGARZON | B7: =+'PRESUPUESTO 2022'!G654 -> 945 | C7: 46 | D7: =+'PRESUPUESTO 2022'!L654 -> 1.1845564e+09
A8: PUERTO GUZMAN | B8: =+'PRESUPUESTO 2022'!G393 -> 1264 | C8: 86 | D8: =+'PRESUPUESTO 2022'!L393 -> 2.2642011e+09
A9: PUERTO CAICEDO | B9: =+'PRESUPUESTO 2022'!G299 -> 562 | C9: 32 | D9: =+'PRESUPUESTO 2022'!L299 -> 7.275287e+08
A10: PUERTO ASIS | B10: =+'PRESUPUESTO 2022'!G265 -> 2786 | C10: 73 | D10: =+'PRESUPUESTO 2022'!L265 -> 3.8663e+09
A11: ORITO | B11: =+'PRESUPUESTO 2022'!G191 -> 1691 | C11: 40 | D11: =+'PRESUPUESTO 2022'!L191 -> 2.4113619e+09
A12: VALLE DEL GUAMUEZ | B12: =+'PRESUPUESTO 2022'!G607 -> 1350 | C12: 82 | D12: =+'PRESUPUESTO 2022'!L607 -> 2.0570659e+09
A13: SAN MIGUEL | B13: =+'PRESUPUESTO 2022'!G483 -> 1307 | C13: 67 | D13: =+'PRESUPUESTO 2022'!L483 -> 1.8180069e+09
A14: LEGUIZAMO | B14: =+'PRESUPUESTO 2022'!G126 -> 1374 | C14: 107 | D14: =+'PRESUPUESTO 2022'!L126 -> 2.0675758e+09
B15: =SUM(B2:B14) -> 13739 | C15: =SUM(C2:C14) -> 628 | D15: =SUM(D2:D14) -> 1.8945018e+10
A16: INTERVENTORIA | D16: =+'PRESUPUESTO 2022'!L656 -> 1.4253684e+09
A17: VALOR TOTAL PROYECTO | D17: =+D15+D16 -> 2.0370386e+10
C18: 393
C19: 235

Sheet PRESUPUESTO 2022
A1: PRESUPUESTO TRANSPORTE ESCOLAR VIGENCIA 2022
A2: 1. MUNICIPIO | B2: 2. ESTABLECIMIENTO EDUCATIVO | C2: 3. N° DE RUTA | D2: 4. DESCRIPCION PUNTOS DE ACCESO DE CADA RUTA | E2: 5. KILOMETRAJE A RECORRER POR CADA RUTA | F2: 6. TIPO TRANSPORTE (Terrestre o Fluvial) | G2: 7. N° TOTAL DE ESTUDIANTES A BENEFICIARSE (Según SIMAT) | H2: 8. VALOR DIARIO POR ESTUDIANTE | I2: 8. VALOR DIARIO POR ESTUDIANTE | J2: 9. VALOR DIARIO TOTAL | K2: 10. DIAS ATENCION | L2: 9. VALOR TOTAL | M2: 11. RUTA CUBIERTA CON VEHICULO PROPIO (SI O NO)
A3: COLON | B3: IE SUCRE | C3: 1 | D3: RUTA 1 : CASCO URBANO COLON-SIBUNDOY-VEREDA SAN FELIX CORREGIMIENTO SAN PEDRO- VEREDA SAN JOSE DE TACANGAYACO-VEREDA LAS PALMAS- IE SUCRE-VICEVERSA | E3: 16 km | F3: Terrestre | G3: 67 | H3: 5495.05 | I3: =+'ESTUDIO DE MERCADO'!N3 -> 10000 | J3: =+I3*G3 -> 670000 | K3: 125 | L3: =+J3*K3 -> 83750000 | M3: SI
A4: COLON | B4: IE SUCRE | C4: 2 | D4: RUTA 2: CASCO URBANO COLON-SANTIAGO VEREDA VICHOY VEREDA LA JOSEFINA-IE SUCRE VICEVERSA | E4: 14 | F4: Terrestre | G4: 21 | H4: 7866.9134 | I4: =+'ESTUDIO DE MERCADO'!N4 -> 8810.4213 | J4: =+I4*G4 -> 185018.85 | K4: 125 | L4: =+J4*K4 -> 23127356 | M4: NO
A5: COLON | B5: IE SUCRE | C5: 3 | D5: RUTA 3 : CORREGIMIENTO SAN PEDRO-ALTO SAN PEDRO A COLON IE SUCRE Y VICEVERSA. | E5: 13 | F5: Terrestre | G5: 3 | H5: 8392.44 | I5: =+'ESTUDIO DE MERCADO'!N5 -> 9398.9725 | J5: =+I5*G5 -> 28196.917 | K5: 125 | L5: =+J5*K5 -> 3524614.7 | M5: NO
A6: COLON | B6: IER ALBERTO LEON ROJAS | C6: 1 | D6: RUTA 1 : CORREGIMIENTO SAN PEDRO-COLON-VEREDA MICHOACAN -VEREDA LAS PALMAS-VEREDA SAN JOSE- IER ALBERTO LEON ROJAS Y VICEVERSA. | E6: 10 | F6: Terrestre | G6: 43 | H6: 8392.44 | I6: =+'ESTUDIO DE MERCADO'!N6 -> 10000 | J6: =+I6*G6 -> 430000 | K6: 125 | L6: =+J6*K6 -> 53750000 | M6: SI
A7: COLON | B7: IER ALBERTO LEON ROJAS | C7: 2 | D7: RUTA 2 : CORREGIMIENTO SAN PEDRO-SIBUNDOY-VEREDA EL CEDRO-VEREDA LA ESPERANZA IER ALBERTO LEON ROJAS Y VICEVERSA. | E7: 6 | F7: Terrestre | G7: 25 | H7: 8392.44 | I7: =+'ESTUDIO DE MERCADO'!N7 -> 10000 | J7: =+I7*G7 -> 250000 | K7: 125 | L7: =+J7*K7 -> 31250000 | M7: SI
A8: COLON | B8: IER ALBERTO LEON ROJAS | C8: 3 | D8: RUTA 3 : CORREGIMIENTO SAN PEDRO- IPT- VEREDA MACHINDINOY - VEREDA VERSALLES-IER ALBERTO LEON ROJAS Y VICEVERSA. | E8: 16 | F8: Terrestre | G8: 14 | H8: 8392.44 | I8: =+'ESTUDIO DE MERCADO'!N8 -> 10000 | J8: =+I8*G8 -> 140000 | K8: 125 | L8: =+J8*K8 -> 17500000 | M8: SI
A9: COLON | B9: IER ALBERTO LEON ROJAS | C9: 4 | D9: RUTA 4 : CORREGIMIENTO SAN PEDRO-VEREDA ALTO SAN PEDRO-IER ALBERTO LEON ROJAS Y VICEVERSA. | E9: 7 KM | F9: Terrestre | G9: 11 | H9: 8392.44 | I9: =+'ESTUDIO DE MERCADO'!N9 -> 9398.9725 | J9: =+I9*G9 -> 103388.7 | K9: 125 | L9: =+J9*K9 -> 12923587 | M9: NO
A10: COLON | B10: IER ALBERTO LEON ROJAS | C10: 5 | D10: CORREGIMIENTO SAN PEDRO-SAN FRANCISCO-IER ALBERTO LEON ROJAS Y VICEVERSA. | E10: 19 | F10: Terrestre | G10: 3 | H10: 8392.44 | I10: =+'ESTUDIO DE MERCADO'!N10 -> 9398.9725 | J10: =+I10*G10 -> 28196.917 | K10: 125 | L10: =+J10*K10 -> 3524614.7 | M10: NO
A11: COLON | B11: CER BILINGÜE INGA COLON | C11: 1 | D11: RUTA 1 : CASCO URBANO COLON-BARRIOS SANTO TOMAS, AMERICAS, SAN ANTONIO-LIBERTAD-ESCUELA RURAL MIXTA LAS PALMAS- VICEVERSA | E11: 5 KM | F11: Terrestre | G11: 8 | H11: 8392.44 | I11: =+'ESTUDIO DE MERCADO'!N11 -> 9398.9725 | J11: =+I11*G11 -> 75191.78 | K11: 125 | L11: =+J11*K11 -> 9398972.5 | M11: NO
A12: COLON | B12: CER BILINGÜE INGA COLON | C12: 2 | D12: RUTA 2 : SAN PEDRO- VEREDA ALTO DE SAN PEDRO-ESCUELA RURAL MIXTA BUENOS AIRES Y VICEVERSA. | E12: 10 | F12: Terrestre | G12: 1 | H12: 8392.44 | I12: =+'ESTUDIO DE MERCADO'!N12 -> 9398.9725 | J12: =+I12*G12 -> 9398.9725 | K12: 125 | L12: =+J12*K12 -> 1174871.6 | M12: NO
A13: SUBTOTAL COLON | G13: =SUM(G3:G12) -> 196 | J13: =SUM(J3:J12) -> 1919392.1 | L13: =SUM(L3:L12) -> 2.3992402e+08
A14: PUERTO LEGUIZAMO | B14: INST ETNOEDUCATIVA RUR INDIGENA KICHWA SANTA CECILIA - SEDE CENTRAL EXTERNOS | C14: 1 | D14: HABITACIONES ALEDAÑAS SEDE - Y VICEVERSA DIARIO. Son dos rutas hacia arriba y dos rutas hacia abajo | E14: 5 KM | F14: Fluvial | G14: 12 | H14: 26975.7 | I14: =+'ESTUDIO DE MERCADO'!N14 -> 6773 | J14: =+I14*G14 -> 81276 | K14: 125 | L14: =+J14*K14 -> 10159500 | M14: SI
A15: PUERTO LEGUIZAMO | B15: INST ETNOEDUCATIVA RUR INDIGENA KICHWA SANTA CECILIA - SEDE CENTRAL INTERNOS | C15: 2 | D15: SEDE SANTA CECILIA - LEGUIZAMO Y VECEVERSA FINES DE SEMANA | E15: 10 KM | F15: Fluvial | G15: 52 | H15: 17184.52 | I15: =+'ESTUDIO DE MERCADO'!N15 -> 10215 | J15: =+I15*G15 -> 531180 | K15: 28 | L15: =+J15*K15 -> 14873040 | M15: SI
A16: PUERTO LEGUIZAMO | B16: INST ETNOEDUCATIVA RUR INDIGENA KICHWA SANTA CECILIA - SEDE CENTRAL INTERNOS | C16: 3 | D16: SEDE SANTA CECILIA,LEGUIZAMO, SEDE PUERTO RICO- SEDE LA APAYA-SEDE PERECERA-SEDE BAJO REMANSO- SEDE SANTA RERESITA- SEDE LUZ DE AMERICA-SEDE EL CAMPEON Y VICEVERSA 8 VECES AL AÑO | E16: 434 KM | F16: Fluvial | G16: 25 | H16: 53566.747 | I16: =+'ESTUDIO DE MERCADO'!N16 -> 9925 | J16: =+I16*G16 -> 248125 | K16: 6 | L16: =+J16*K16 -> 1488750 | M16: SI
A17: PUERTO LEGUIZAMO | B17: INST ETNOEDUCATIVA RUR INDIGENA KICHWA SANTA CECILIA - SEDE PUERTO RICO | C17: 4 | D17: HABITACIONES ALEDAÑAS SEDE - Y VICEVERSA DIARIO. Son dos rutas hacia arriba y dos rutas hacia abajo | E17: 10 KM | F17: Fluvial | G17: 5 | H17: 42806.44 | I17: =+'ESTUDIO DE MERCADO'!N17 -> 45802.89 | J17: =+I17*G17 -> 229014.45 | K17: 125 | L17: =+J17*K17 -> 28626806 | M17: NO
A18: PUERTO LEGUIZAMO | B18: INST ETNOEDUCATIVA RUR INDIGENA KICHWA SANTA CECILIA - SEDE: LA PERECERA | C18: 5 | D18: HABITACIONES ALEDAÑAS SEDE - Y VICEVERSA DIARIO. Son dos rutas hacia arriba y dos rutas hacia abajo | E18: 35 KM | F18: Fluvial | G18: 20 | H18: 20840.227 | I18: =+'ESTUDIO DE MERCADO'!N18 -> 22299.043 | J18: =+I18*G18 -> 445980.86 | K18: 125 | L18: =+J18*K18 -> 55747607 | M18: NO
A19: PUERTO LEGUIZAMO | B19: INST ETNOEDUCATIVA RUR INDIGENA KICHWA SANTA CECILIA - SEDE: LA APAYA | C19: 6 | D19: HABITACIONES ALEDAÑAS SEDE - Y VICEVERSA DIARIO. | E19: 30 KM | F19: Fluvial | G19: 1 | H19: 50020.941 | I19: =+'ESTUDIO DE MERCADO'!N19 -> 53522.406 | J19: =+I19*G19 -> 53522.406 | K19: 125 | L19: =+J19*K19 -> 6690300.8 | M19: NO
A20: PUERTO LEGUIZAMO | B20: INST ETNOEDUCATIVA RUR INDIGENA KICHWA SANTA CECILIA - SEDE: BAJO REMANSO | C20: 7 | D20: HABITACIONES ALEDAÑAS SEDE - Y VICEVERSA DIARIO. Son dos rutas hacia arriba y dos rutas hacia abajo | E20: 75 KM | F20: Fluvial | G20: 5 | H20: 42423.784 | I20: =+'ESTUDIO DE MERCADO'!N20 -> 45393.449 | J20: =+I20*G20 -> 226967.25 | K20: 125 | L20: =+J20*K20 -> 28370906 | M20: NO
A21: PUERTO LEGUIZAMO | B21: INST ETNOEDUCATIVA RUR INDIGENA KICHWA SANTA CECILIA - SEDE:SANTA TERESITA | C21: 8 | D21: HABITACIONES ALEDAÑAS SEDE - Y VICEVERSA DIARIO. | E21: 80 KM | F21: Fluvial | G21: 5 | H21: 33804.548 | I21: =+'ESTUDIO DE MERCADO'!N21 -> 36170.867 | J21: =+I21*G21 -> 180854.33 | K21: 125 | L21: =+J21*K21 -> 22606792 | M21: NO
A22: PUERTO LEGUIZAMO | B22: INST ETNOEDUCATIVA RUR INDIGENA KICHWA SANTA CECILIA - SEDE:LUZ DE AMERICA | C22: 9 | D22: HABITACIONES ALEDAÑAS SEDE - Y VICEVERSA DIARIO. Son dos rutas hacia arriba y dos rutas hacia abajo | E22: 120 KM | F22: Fluvial | G22: 17 | H22: 48331.463 | I22: =+'ESTUDIO DE MERCADO'!N22 -> 51714.665 | J22: =+I22*G22 -> 879149.3 | K22: 125 | L22: =+J22*K22 -> 1.0989366e+08 | M22: NO
A23: PUERTO LEGUIZAMO | B23: INST ETNOEDUCATIVA RUR INDIGENA KICHWA SANTA CECILIA - SEDE: EL CAMPEON | C23: 10 | D23: HABITACIONES ALEDAÑAS SEDE - Y VICEVERSA DIARIO. Son dos rutas hacia arriba y dos rutas hacia abajo | E23: 180 KM | F23: Fluvial | G23: 8 | H23: 54594.82 | I23: =+'ESTUDIO DE MERCADO'!N23 -> 9905 | J23: =+I23*G23 -> 79240 | K23: 125 | L23: =+J23*K23 -> 9905000 | M23: SI
A24: PUERTO LEGUIZAMO | B24: IERI KICHWA LLAKTAMANDA | C24: 1 | D24: Estudiantes internos cada 8 días ida los viernes y regreso los domingos PUERTO NARIÑO (SEDE CENTRAL ANTONIO NARIÑO), BELLA VISTA, PEREA, PUERTO REYES. | E24: 288 Km - 24 Horas | F24: Fluvial | G24: 46 | H24: 11989.2 | I24: =+'ESTUDIO DE MERCADO'!N24 -> 4429 | J24: =+I24*G24 -> 203734 | K24: 28 | L24: =+J24*K24 -> 5704552 | M24: SI
A25: PUERTO LEGUIZAMO | B25: IERI KICHWA LLAKTAMANDA | C25: 2 | D25: Estudiantes internos cada 8 días ida los viernes y regreso los domingos PUERTO NARIÑO (SEDE CENTRAL ANTONIO NARIÑO) - SOPLIN VARGAS, PENEYA, ISLA NUEVA LEGUIZAMO | E25: 72 Km - 6 Horas | F25: Fluvial | G25: 20 | H25: 11424.709 | I25: =+'ESTUDIO DE MERCADO'!N25 -> 5870 | J25: =+I25*G25 -> 117400 | K25: 28 | L25: =+J25*K25 -> 3287200 | M25: SI
... A41: PUERTO LEGUIZAMO | B41: I.E.R. JORGE ELIECER GAITAN | C41: 1 | D41: Desde Puerto Ospina hasta el Carmen del Ecuador 4 recorridos diarios. | E41: 10 KM | F41: FLUVIAL | G41: 53 | H41: 9991 | I41: =+'ESTUDIO DE MERCADO'!N41 -> 3871 | J41: =+I41*G41 -> 205163 | K41: 125 | L41: =+J41*K41 -> 25645375 | M41: SI
A42: PUERTO LEGUIZAMO | B42: I.E.R. JORGE ELIECER GAITAN | C42: 2 | D42: Desde Puerto Ospina hasta la Vereda Aguas Negras | E42: 2 KM | F42: FLUVIAL | G42: 2 | I42: =+'ESTUDIO DE MERCADO'!N42 -> 40000 | J42: =+I42*G42 -> 80000 | K42: 125 | L42: =+J42*K42 -> 10000000 | M42: NO
A43: PUERTO LEGUIZAMO | B43: I.E.R. JORGE ELIECER GAITAN | C43: 4 | D43: Desde la Sede El Tablero hasta Fincas aledañas, río Putumayo | E43: 15 KM | F43: FLUVIAL | G43: 20 | I43: =+'ESTUDIO DE MERCADO'!N43 -> 26000 | J43: =+I43*G43 -> 520000 | K43: 125 | L43: =+J43*K43 -> 65000000 | M43: SI
A44: PUERTO LEGUIZAMO | B44: I.E.R. JORGE ELIECER GAITAN | C44: 5 | D44: Desde la Sede La Concepción hasta Fincas aledañas, río Putumayo | E44: 10 KM | F44: FLUVIAL | G44: 10 | H44: 19982 | I44: =+'ESTUDIO DE MERCADO'!N44 -> 19000 | J44: =+I44*G44 -> 190000 | K44: 28 | L44: =+J44*K44 -> 5320000 | M44: SI
A45: PUERTO LEGUIZAMO | B45: I.E.R. JORGE ELIECER GAITAN | C45: 6 | D45: Desde la Sede El Remanso hasta Fincas aledañas, río Putumayo | E45: 10 KM | F45: FLUVIAL | G45: 4 | H45: 9991 | I45: =+'ESTUDIO DE MERCADO'!N45 -> 10550.496 | J45: =+I45*G45 -> 42201.984 | K45: 125 | L45: =+J45*K45 -> 5275248 | M45: NO
A46: PUERTO LEGUIZAMO | B46: I.E.R. JORGE ELIECER GAITAN | C46: 7 | D46: Desde la Sede El Hacha hasta Fincas aledañas, río Putumayo. | E46: 15 KM | F46: FLUVIAL | G46: 10 | H46: 9991 | I46: =+'ESTUDIO DE MERCADO'!N46 -> 10550.496 | J46: =+I46*G46 -> 105504.96 | K46: 125 | L46: =+J46*K46 -> 13188120 | M46: NO
A47: PUERTO LEGUIZAMO | B47: I.E.R. JORGE ELIECER GAITAN | C47: 8 | D47: Desde el Internado hasta las veredas Tablero, Remanso y Hacha, Se hacen dos rutas al mes, río Putumayo. | E47: 50 KM | F47: FLUVIAL | G47: 15 | H47: 9991 | I47: =+'ESTUDIO DE MERCADO'!N47 -> 25000 | J47: =+I47*G47 -> 375000 | K47: 125 | L47: =+J47*K47 -> 46875000 | M47: SI
A48: PUERTO LEGUIZAMO | B48: I.E.R. LEONIDAS NORZAGARAY | C48: 1 | D48: SEDE PPAL - VEREDA SANTANDER | E48: 16 KM - 1 H 30 MIN | F48: Fluvial | G48: 20 | H48: 9991 | I48: =+'ESTUDIO DE MERCADO'!N48 -> 17300 | J48: =+I48*G48 -> 346000 | K48: 125 | L48: =+J48*K48 -> 43250000 | M48: SI
A49: PUERTO LEGUIZAMO | B49: I.E.R. LEONIDAS NORZAGARAY - SEDE LA VICTORIA | C49: 2 | D49: SEDE - HABITACIONES ALEDAÑAS | E49: 12 KM - 1 HORA | F49: Fluvial | G49: 15 | H49: 13899.479 | I49: =+'ESTUDIO DE MERCADO'!N49 -> 7700 | J49: =+I49*G49 -> 115500 | K49: 125 | L49: =+J49*K49 -> 14437500 | M49: SI
A50: PUERTO LEGUIZAMO | B50: I.E.R. LEONIDAS NORZAGARAY - SEDE CORDOBA | C50: 3 | D50: SEDE - HABITACIONES ALEDAÑAS | E50: 12 KM - 1 HORA | F50: Fluvial | G50: 15 | H50: 15577.967 | I50: =+'ESTUDIO DE MERCADO'!N50 -> 1872 | J50: =+I50*G50 -> 28080 | K50: 125 | L50: =+J50*K50 -> 3510000 | M50: SI
A51: PUERTO LEGUIZAMO | B51: I.E.R. LEONIDAS NORZAGARAY - SEDE SANTANDER | C51: 4 | D51: SEDE - HABITACIONES ALEDAÑAS | E51: 10 KM - 50 MIN. | F51: Fluvial | G51: 16 | H51: 13942.441 | I51: =+'ESTUDIO DE MERCADO'!N51 -> 8500 | J51: =+I51*G51 -> 136000 | K51: 125 | L51: =+J51*K51 -> 17000000 | M51: SI
A52: PUERTO LEGUIZAMO | B52: I.E.R. LEONIDAS NORZAGARAY - SEDE LAS VEGAS | C52: 5 | D52: SEDE - HABITACIONES ALEDAÑAS | E52: 8 KM - 40 MIN. | F52: Fluvial | G52: 10 | H52: 13916.464 | I52: =+'ESTUDIO DE MERCADO'!N52 -> 14000 | J52: =+I52*G52 -> 140000 | K52: 125 | L52: =+J52*K52 -> 17500000 | M52: SI
A53: PUERTO LEGUIZAMO | B53: I.E.R. LEONIDAS NORZAGARAY - SEDE ALBANIA | C53: 6 | D53: SEDE - HABITACIONES ALEDAÑAS | E53: 10 KM - 50 MIN. | F53: Fluvial | G53: 14 | H53: 14498.939 | I53: =+'ESTUDIO DE MERCADO'!N53 -> 12800 | J53: =+I53*G53 -> 179200 | K53: 125 | L53: =+J53*K53 -> 22400000 | M53: SI
A54: PUERTO LEGUIZAMO | B54: I.E.R. LEONIDAS NORZAGARAY | C54: 7 | D54: SEDE PPAL- VEREDA SAN FRANCISCO | E54: 8 KM - 20 MIN. | F54: Terrestre | G54: 8 | H54: 15589.956 | I54: =+'ESTUDIO DE MERCADO'!N54 -> 16681.253 | J54: =+I54*G54 -> 133450.03 | K54: 125 | L54: =+J54*K54 -> 16681253 | M54: NO
A55: PUERTO LEGUIZAMO | B55: I.E.R. NUKANCHIRUNA | C55: 1 | D55: SEDE PRINCIPAL - VEREDA LUPITA, TODO LOS DIAS | E55: 3 KM | F55: Fluvial | G55: 10 | H55: 15589.956 | I55: =+'ESTUDIO DE MERCADO'!N55 -> 16681.253 | J55: =+I55*G55 -> 166812.53 | K55: 125 | L55: =+J55*K55 -> 20851567 | M55: NO
A56: PUERTO LEGUIZAMO | B56: I.E.R. NUKANCHIRUNA | C56: 2 | D56: SEDE PRINCIPAL - BARRIO LA PAZ, TODO LOS DIAS | E56: 2 KM | F56: Terrestre | G56: 8 | H56: 11539.605 | I56: =+'ESTUDIO DE MERCADO'!N56 -> 12347.377 | J56: =+I56*G56 -> 98779.019 | K56: 125 | L56: =+J56*K56 -> 12347377 | M56: NO
A57: PUERTO LEGUIZAMO | B57: CER SANTA MARIA | C57: 1 | D57: Sede principal-Rio Caqueta, cada 8 dias- 4 veces al mes. | E57: 17 | F57: Fluvial | G57: 8 | H57: 14898.579 | I57: =+'ESTUDIO DE MERCADO'!N57 -> 11000 | J57: =+I57*G57 -> 88000 | K57: 28 | L57: =+J57*K57 -> 2464000 | M57: SI
A58: PUERTO LEGUIZAMO | B58: CER SANTA MARIA | C58: 2 | D58: Sede principal-Rio Caqueta, todos los dias. | E58: 10 | F58: Fluvial | G58: 8 | H58: 11539.605 | I58: =+'ESTUDIO DE MERCADO'!N58 -> 10000 | J58: =+I58*G58 -> 80000 | K58: 125 | L58: =+J58*K58 -> 10000000 | M58: SI
A59: PUERTO LEGUIZAMO | B59: CER SANTA MARIA | C59: 3 | D59: Sede La Llanada- Rio Caqueta, todos los dias | E59: 9 | F59: Fluvial | G59: 6 | H59: 14526.914 | I59: =+'ESTUDIO DE MERCADO'!N59 -> 15543.798 | J59: =+I59*G59 -> 93262.788 | K59: 125 | L59: =+J59*K59 -> 11657848 | M59: NO
A60: PUERTO LEGUIZAMO | B60: CER SANTA MARIA | C60: 4 | D60: Sede Nuevo Futuro - Caño Nuevo futuro, todos los dias. | E60: 10 | F60: Fluvial | G60: 8 | H60: 14526.914 | I60: =+'ESTUDIO DE MERCADO'!N60 -> 10000 | J60: =+I60*G60 -> 80000 | K60: 125 | L60: =+J60*K60 -> 10000000 | M60: SI
A61: PUERTO LEGUIZAMO | B61: CER SANTA MARIA | C61: 5 | D61: Sede La Florida Dos - Caño Santa Maria todos los dias. | E61: 9 | F61: Fluvial | G61: 12 | H61: 14526.914 | I61: =+'ESTUDIO DE MERCADO'!N61 -> 15543.798 | J61: =+I61*G61 -> 186525.58 | K61: 125 | L61: =+J61*K61 -> 23315697 | M61: NO
A62: PUERTO LEGUIZAMO | B62: CER SANTA MARIA | C62: 6 | D62: Sede Loma Encantada - Caño Loma Encantada, todos los dias. | E62: 10 | F62: Fluvial | G62: 15 | H62: 14526.914 | I62: =+'ESTUDIO DE MERCADO'!N62 -> 15543.798 | J62: =+I62*G62 -> 233156.97 | K62: 125 | L62: =+J62*K62 -> 29144621 | M62: NO
A63: PUERTO LEGUIZAMO | B63: C.E.R. YURIYA | C63: 1 | D63: DIAMANTE: Recorrido en la Vda. El Diamante sobre el rio Mecaya. Parte desde la Escuela hasta la finca del señor Lisandro Quigua y hacia la parte baja, puerto del señor Leider Rojas. | E63: 25 | F63: Fluvial | G63: 7 | H63: 19982 | I63: =+'ESTUDIO DE MERCADO'!N63 -> 17000 | J63: =+I63*G63 -> 119000 | K63: 125 | L63: =+J63*K63 -> 14875000 | M63: SI
A64: PUERTO LEGUIZAMO | B64: C.E.R. YURIYA | C64: 1 | D64: ESMERALDA: Recorrido en la Vda. La Esmeralda sobre el rio Mecaya, parte desde la Escuela, hacia arriba llega hasta el puerto de la familia Collazos y hacia abajo hasta el puerto de la familia Patiño. | E64: 23 | F64: Fluvial | G64: 7 | H64: 19982 | I64: =+'ESTUDIO DE MERCADO'!N64 -> 16000 | J64: =+I64*G64 -> 112000 | K64: 125 | L64: =+J64*K64 -> 14000000 | M64: SI
A65: PUERTO LEGUIZAMO | B65: C.E.R. YURIYA | C65: 1 | D65: LOS MANGOS: Recorrido en la Vda. Los Mangos, parte desde la Escuela y llega hasta los límites con la Vda. La Esmeralda sobre el rio Mecaya y sobre el rio Yuriya hasta el puerto de la familia Saraza Perdomo. | E65: 24 | F65: Fluvial | G65: 8 | H65: 14986.5 | I65: =+'ESTUDIO DE MERCADO'!N65 -> 12000 | J65: =+I65*G65 -> 96000 | K65: 125 | L65: =+J65*K65 -> 12000000 | M65: SI
A66: PUERTO LEGUIZAMO | B66: C.E.R. YURIYA | C66: 1 | D66: YURIYA 1 Recorrido diario sobre el rio Mecaya, parte desde la ERM Yuriya hasta límites con la Vda. La Esmeralda y el Puerto de la EDS Yuriya. | E66: 33 | F66: Fluvial | G66: 12 | H66: 11989.2 | I66: =+'ESTUDIO DE MERCADO'!N66 -> 9000 | J66: =+I66*G66 -> 108000 | K66: 125 | L66: =+J66*K66 -> 13500000 | M66: SI
A67: PUERTO LEGUIZAMO | B67: C.E.R. YURIYA | C67: 1 | D67: YURIYA 2 INTERNADO semanal esta ruta recoge los estudiantes internos en el recorrido entre la Vda. El Diamante y la Vda. El Balsal, y sobre el rio Yuriya recoge en las inmediaciones de la Vda. Los Mangos y la Vda. Las Lajas. | E67: 29 | F67: Fluvial | G67: 36 | H67: 17983.8 | I67: =+'ESTUDIO DE MERCADO'!N67 -> 6000 | J67: =+I67*G67 -> 216000 | K67: 125 | L67: =+J67*K67 -> 27000000 | M67: SI
A68: PUERTO LEGUIZAMO | B68: C.E.R. YURIYA | C68: 1 | D68: LAS LAJAS Recorrido diario sobre el rio Yuriya, parte desde la ERM Las Lajas hasta límites con la Vda. Los Mangos. | E68: 25 | F68: Fluvial | G68: 10 | I68: =+'ESTUDIO DE MERCADO'!N68 -> 15000 | J68: =+I68*G68 -> 150000 | K68: 125 | L68: =+J68*K68 -> 18750000 | M68: SI
A69: PUERTO LEGUIZAMO | B69: C.E.R. YURIYA | C69: 1 | D69: LA FLORIDA: Recorrido en la Vda. La Florida sobre el rio Mecaya , parte desde la Escuela, hasta limites de la misma | E69: 15 | F69: Fluvial | G69: 5 | H69: 11789.38 | I69: =+'ESTUDIO DE MERCADO'!N69 -> 9000 | J69: =+I69*G69 -> 45000 | K69: 125 | L69: =+J69*K69 -> 5625000 | M69: SI
A70: PUERTO LEGUIZAMO | B70: C.E.R. YURIYA | C70: 1 | D70: BALSAL: Recorrido en La Vda. El Balsal sobre el rio Mecaya. Parte desde la Escuela, hacia abajo hasta los límites con la Vda. Pailitas y hasta y hacia arriba hasta el puerto del señor Ferney Baron. | E70: 25 | F70: Fluvial | G70: 8 | H70: 14586.86 | I70: =+'ESTUDIO DE MERCADO'!N70 -> 12000 | J70: =+I70*G70 -> 96000 | K70: 125 | L70: =+J70*K70 -> 12000000 | M70: SI
A71: PUERTO LEGUIZAMO | B71: IER OVER ANTONIO MORALES | C71: 1 | D71: Rio Putumayo sede CENTRAL lugares de residencia - sede y viceversa. Mañana y tarde, de lunes a viernes (doble recorrido) | E71: 10 | F71: Fluvial | G71: 15 | H71: 7992.8 | I71: =+'ESTUDIO DE MERCADO'!N71 -> 4750 | J71: =+I71*G71 -> 71250 | K71: 125 | L71: =+J71*K71 -> 8906250 | M71: SI
A72: PUERTO LEGUIZAMO | B72: IER OVER ANTONIO MORALES | C72: 2 | D72: Rio Putumayo, lugares de residencia - sede EL PARAISO y viceversa. Mañana y tarde, de lunes a viernes | E72: 8 | F72: Fluvial | G72: 10 | H72: 11989.2 | I72: =+'ESTUDIO DE MERCADO'!N72 -> 8600 | J72: =+I72*G72 -> 86000 | K72: 125 | L72: =+J72*K72 -> 10750000 | M72: SI
A73: PUERTO LEGUIZAMO | B73: IER OVER ANTONIO MORALES | C73: 3 | D73: Rio Putumayo, lugares de residencia - sede BAJO CASA CUNTE y viceversa. Mañana y tarde, de lunes a viernes | E73: 6 | F73: Fluvial | G73: 5 | H73: 19522.414 | I73: =+'ESTUDIO DE MERCADO'!N73 -> 18500 | J73: =+I73*G73 -> 92500 | K73: 125 | L73: =+J73*K73 -> 11562500 | M73: NO
A74: PUERTO LEGUIZAMO | B74: IER OVER ANTONIO MORALES | C74: 4 | D74: Rio Putumayo, lugares de residencia - sede ISLA NUEVA y viceversa. Mañana y tarde, de lunes a viernes (doble recorrido) | E74: 12 | F74: Fluvial | G74: 9 | H74: 15026.464 | I74: =+'ESTUDIO DE MERCADO'!N74 -> 12500 | J74: =+I74*G74 -> 112500 | K74: 125 | L74: =+J74*K74 -> 14062500 | M74: NO
A75: PUERTO LEGUIZAMO | B75: IER OVER ANTONIO MORALES | C75: 5 | D75: Rio Putumayo, lugares de residencia - sede LA ESPERANZA y viceversa. Mañana y tarde, de lunes a viernes | E75: 6 | F75: Fluvial | G75: 4 | H75: 15026.464 | I75: =+'ESTUDIO DE MERCADO'!N75 -> 22500 | J75: =+I75*G75 -> 90000 | K75: 125 | L75: =+J75*K75 -> 11250000 | M75: NO
A76: PUERTO LEGUIZAMO | B76: IER OVER ANTONIO MORALES | C76: 6 | D76: Rio Putumayo, lugares de residencia - sede SOLARTE OBANDO y viceversa. Mañana y tarde, de lunes a viernes | E76: 8 | F76: Fluvial | G76: 5 | H76: 16025.564 | I76: =+'ESTUDIO DE MERCADO'!N76 -> 19000 | J76: =+I76*G76 -> 95000 | K76: 125 | L76: =+J76*K76 -> 11875000 | M76: NO
A77: PUERTO LEGUIZAMO | B77: CENTRO ETNOEDUCATIVO RURAL INDIGENA EÑO MONAYA JITO | C77: 1 | D77: Sede Umancia hasta el Penella hacia arriba ida y vuelta por la rivera del rio caqueta. Todos los dias | E77: 24 km=2 hora | F77: Fluvial | G77: 4 | H77: 19522.414 | I77: =+'ESTUDIO DE MERCADO'!N77 -> 38000 | J77: =+I77*G77 -> 152000 | K77: 125 | L77: =+J77*K77 -> 19000000 | M77: SI
A78: PUERTO LEGUIZAMO | B78: CENTRO ETNOEDUCATIVO RURAL INDIGENA EÑO MONAYA JITO | C78: 2 | D78: sede umancia hasta el caserio santa elena ida y vuelta todos los dias por la rivera del rio caqueta | E78: 24 km=2 hora | F78: Fluvial | G78: 6 | H78: 12273.944 | I78: =+'ESTUDIO DE MERCADO'!N78 -> 38000 | J78: =+I78*G78 -> 228000 | K78: 125 | L78: =+J78*K78 -> 28500000 | M78: SI
A79: PUERTO LEGUIZAMO | B79: CENTRO ETNOEDUCATIVO RURAL INDIGENA EÑO MONAYA JITO | C79: 3 | D79: sede umancia hasta la vereda peñas rojas del caguan hacia arriba ida y vuelta por la rivera del rio caqueta cada 8 dias | E79: 48 km = 4 horas | F79: Fluvial | G79: 2 | I79: =+'ESTUDIO DE MERCADO'!N79 -> 42000 | J79: =+I79*G79 -> 84000 | K79: 28 | L79: =+J79*K79 -> 2352000 | M79: SI
A80: PUERTO LEGUIZAMO | B80: CENTRO ETNOEDUCATIVO RURAL INDIGENA EÑO MONAYA JITO | C80: 4 | D80: sede umancia hasta la vereda los estrechos ida y vuelta por la rivera del rio caqueta cada 20 dias (ruta alumnos internos) | E80: 5 horas | F80: Fluvial | G80: 6 | H80: 12562.683 | I80: =+'ESTUDIO DE MERCADO'!N80 -> 23000 | J80: =+I80*G80 -> 138000 | K80: 7 | L80: =+J80*K80 -> 966000 | M80: SI
A81: PUERTO LEGUIZAMO | B81: CENTRO ETNOEDUCATIVO RURAL INDIGENA EÑO MONAYA JITO | C81: 5 | D81: Sede Jiri Jiri hasta el caserio las brisas ida y vuelta por la rivera caqueta, todos los dias | E81: 6 km= 30 min | F81: Fluvial | G81: 14 | H81: 12562.683 | I81: =+'ESTUDIO DE MERCADO'!N81 -> 25000 | J81: =+I81*G81 -> 350000 | K81: 125 | L81: =+J81*K81 -> 43750000 | M81: SI
A82: PUERTO LEGUIZAMO | B82: CENTRO ETNOEDUCATIVO RURAL INDIGENA EÑO MONAYA JITO | C82: 6 | D82: Sede el progreso hasta la Bocana del caño la Taguita ida y vuelta, todos los dias | E82: 12 km= 1 hora | F82: Fluvial | G82: 10 | H82: 12273.944 | I82: =+'ESTUDIO DE MERCADO'!N82 -> 13133.12 | J82: =+I82*G82 -> 131331.2 | K82: 125 | L82: =+J82*K82 -> 16416399 | M82: NO
A83: PUERTO LEGUIZAMO | B83: CENTRO ETNOEDUCATIVO RURAL INDIGENA EÑO MONAYA JITO | C83: 7 | D83: Sede Consara hasta las Habitaciones aledañas, por el rio Mecaya ida y vuelta, todos los dias | E83: 12 km= 1 hora | F83: Fluvial | G83: 8 | H83: 12562.683 | I83: =+'ESTUDIO DE MERCADO'!N83 -> 30000 | J83: =+I83*G83 -> 240000 | K83: 125 | L83: =+J83*K83 -> 30000000 | M83: SI
A84: PUERTO LEGUIZAMO | B84: CENTRO ETNOEDUCATIVO RURAL INDIGENA EÑO MONAYA JITO | C84: 8 | D84: Sede la Primavera hasta la Vereda Huitora ida y vuelta por la ribera del rio Caqueta, todos los dias | E84: 12 km= 1 hora | F84: Fluvial | G84: 7 | H84: 12273.944 | I84: =+'ESTUDIO DE MERCADO'!N84 -> 13133.12 | J84: =+I84*G84 -> 91931.837 | K84: 125 | L84: =+J84*K84 -> 11491480 | M84: NO
A85: PUERTO LEGUIZAMO | B85: CENTRO ETNOEDUCATIVO RURAL INDIGENA EÑO MONAYA JITO | C85: 9 | D85: Sede la Guajira hasta la vereda aledañas ida y vuelta por la rivera del rio Mecaya, todos los dias | E85: 12 km= 1 hora | F85: Fluvial | G85: 9 | H85: 12562.683 | I85: =+'ESTUDIO DE MERCADO'!N85 -> 13442.071 | J85: =+I85*G85 -> 120978.64 | K85: 125 | L85: =+J85*K85 -> 15122330 | M85: NO
A86: PUERTO LEGUIZAMO | B86: CENTRO ETNOEDUCATIVO RURAL INDIGENA EÑO MONAYA JITO | C86: 10 | D86: Sede la Guaquira hasta la vereda aledañas ida y vuelta por la rivera del rio caqueta, todos los dias | E86: 6 Kms - 25 Horas | F86: Fluvial | G86: 5 | H86: 12273.944 | I86: =+'ESTUDIO DE MERCADO'!N86 -> 13133.12 | J86: =+I86*G86 -> 65665.598 | K86: 125 | L86: =+J86*K86 -> 8208199.7 | M86: NO
A87: PUERTO LEGUIZAMO | B87: I.E.R. D+ONA SAFIA | C87: 1 | D87: Sede el Refugio -Comunidad Espejo Peru y viceversa. Rio Putumayo. Ocho veces al mes | E87: 96 km-12 horas | F87: Fluvial | G87: 6 | H87: 24303.107 | I87: =+'ESTUDIO DE MERCADO'!N87 -> 57500 | J87: =+I87*G87 -> 345000 | K87: 6 | L87: =+J87*K87 -> 2070000 | M87: SI
A88: PUERTO LEGUIZAMO | B88: I.E.R. D+ONA SAFIA | C88: 2 | D88: Sede el Refugio - Pto Leguizamo) y viceversa. Rio Putumayo. Ocho veces al año | E88: 91 km-6 horas | F88: Fluvial | G88: 6 | H88: 50799.24 | I88: =+'ESTUDIO DE MERCADO'!N88 -> 47000 | J88: =+I88*G88 -> 282000 | K88: 6 | L88: =+J88*K88 -> 1692000 | M88: SI
A89: PUERTO LEGUIZAMO | B89: I.E.R. D+ONA SAFIA | C89: 3 | D89: Sede el Refugio - cabildo puerto perea). ( cabildo puerto perea - Sede el Refugio - ) y Viceversa. Rio Putumayo. Diario | E89: 2 km-1 horas | F89: Fluvial | G89: 7 | H89: 24303.107 | I89: =+'ESTUDIO DE MERCADO'!N89 -> 28000 | J89: =+I89*G89 -> 196000 | K89: 125 | L89: =+J89*K89 -> 24500000 | M89: SI
A90: PUERTO LEGUIZAMO | B90: I.E.R. D+ONA SAFIA | C90: 4 | D90: Sede el Refugio - cabildo puerto puntales). ( cabildo puerto puntales - Sede el Refugio - ) y Viceversa. Diario | E90: 4 km-2 horas | F90: Fluvial | G90: 11 | H90: 45769.77 | I90: =+'ESTUDIO DE MERCADO'!N90 -> 42000 | J90: =+I90*G90 -> 462000 | K90: 125 | L90: =+J90*K90 -> 57750000 | M90: SI
A91: PUERTO LEGUIZAMO | B91: I.E.R. D+ONA SAFIA | C91: 5 | D91: Sede el Refugio (rio putumayo) - cabildo umancia - (rio caqueta). ( cabildo umancia - (rio caqueta)- Sede el Refugio (rio putumayo) y Viceversa. Rio Putumayo. Ocho veces al año | E91: 113 kms-14 horas | F91: Fluvial | G91: 10 | H91: 31796.357 | I91: =+'ESTUDIO DE MERCADO'!N91 -> 59000 | J91: =+I91*G91 -> 590000 | K91: 6 | L91: =+J91*K91 -> 3540000 | M91: SI
... A97: PUERTO LEGUIZAMO | B97: I.E.R. D+ONA SAFIA | C97: 11 | D97: (Sede Ka+ Iyano - Sede central el Refugio)- (Sede central el Refugio Sede Ka+ Iyano) y Viceversa. Rio Putumayo. ocho veces al año | E97: 4 km-2 horas | F97: Fluvial | G97: 9 | H97: 38119.661 | I97: =+'ESTUDIO DE MERCADO'!N97 -> 30000 | J97: =+I97*G97 -> 270000 | K97: 6 | L97: =+J97*K97 -> 1620000 | M97: SI
A98: PUERTO LEGUIZAMO | B98: IER NUEVA APAYA | C98: 1 | D98: Sede Principal- Rio Putumayo cada 8 días- 8 veces al mes. | E98: 15 | F98: Fluvial | G98: 86 | H98: 15985.6 | I98: =+'ESTUDIO DE MERCADO'!N98 -> 15000 | J98: =+I98*G98 -> 1290000 | K98: 24 | L98: =+J98*K98 -> 30960000 | M98: SI
A99: PUERTO LEGUIZAMO | B99: IER NUEVA APAYA | C99: 2 | D99: Sede Principal -Rio putumayo, todos los días | E99: 10 | F99: Fluvial | G99: 17 | H99: 14986.5 | I99: =+'ESTUDIO DE MERCADO'!N99 -> 15000 | J99: =+I99*G99 -> 255000 | K99: 125 | L99: =+J99*K99 -> 31875000 | M99: SI
A100: PUERTO LEGUIZAMO | B100: IER NUEVA APAYA | C100: 3 | D100: Sede alto casacunte- Caño Santa María, todos los días | E100: 6 | F100: Fluvial | G100: 4 | H100: 21255.853 | I100: =+'ESTUDIO DE MERCADO'!N100 -> 15000 | J100: =+I100*G100 -> 60000 | K100: 125 | L100: =+J100*K100 -> 7500000 | M100: SI
A101: PUERTO LEGUIZAMO | B101: IER NUEVA APAYA | C101: 4 | D101: Sede la Reforma- Rio putumayo, todos los días | E101: 5 | F101: Fluvial | G101: 9 | H101: 22254.952 | I101: =+'ESTUDIO DE MERCADO'!N101 -> 23812.799 | J101: =+I101*G101 -> 214315.19 | K101: 125 | L101: =+J101*K101 -> 26789399 | M101: NO
A102: PUERTO LEGUIZAMO | B102: IER NUEVA APAYA | C102: 5 | D102: Sede la Reformita - caño Nuevo Futuro, todos los días | E102: 4 | F102: Fluvial | G102: 6 | H102: 30616.42 | I102: =+'ESTUDIO DE MERCADO'!N102 -> 32759.57 | J102: =+I102*G102 -> 196557.42 | K102: 125 | L102: =+J102*K102 -> 24569677 | M102: NO
A103: PUERTO LEGUIZAMO | B103: IER ANDINO | C103: 1 | D103: Centro Andino casas de estudiantes rivera rio Caqueta todos los dias, en la mañana y en la tarde | E103: 34 | F103: Fluvial | G103: 18 | H103: 8991.9 | I103: =+'ESTUDIO DE MERCADO'!N103 -> 10000 | J103: =+I103*G103 -> 180000 | K103: 125 | L103: =+J103*K103 -> 22500000 | M103: SI
A104: PUERTO LEGUIZAMO | B104: IER ANDINO | C104: 2 | D104: Estudiantes internos transporte cada ocho dias, ida los viernes y regreso los domingos, desde el Centro Andino hasta las veredas: Santa Maria, Futuro; Llanada y Agus Negra, es decir ocho viajes mensual | E104: 50 | F104: Fluvial | G104: 14 | H104: 34687.753 | I104: =+'ESTUDIO DE MERCADO'!N104 -> 30000 | J104: =+I104*G104 -> 420000 | K104: 56 | L104: =+J104*K104 -> 23520000 | M104: SI
A105: PUERTO LEGUIZAMO | B105: IER ANDINO | C105: 3 | D105: Estudiantes internos transporte cada ocho dias, ida los viernes y regreso los domingos, desde el Centro Andino hasta las veredas: Consara, La Guajira, Balsal Yurilla y demas, es decir ocho viajes mensual | E105: 88 | F105: Fluvial | G105: 29 | H105: 38427.384 | I105: =+'ESTUDIO DE MERCADO'!N105 -> 41117.301 | J105: =+I105*G105 -> 1192401.7 | K105: 56 | L105: =+J105*K105 -> 66774497 | M105: NO
A106: PUERTO LEGUIZAMO | B106: IER ANDINO | C106: 4 | D106: Estudiantes internos transporte cada ocho dias, ida los viernes y regreso los domingos, desde el Centro Andino hasta las veredas: Consalla , Peñas Blanca, y Arenosa, es decir ocho viajes mensual | E106: 70 | F106: Fluvial | G106: 20 | H106: 36158.428 | I106: =+'ESTUDIO DE MERCADO'!N106 -> 38689.518 | J106: =+I106*G106 -> 773790.36 | K106: 56 | L106: =+J106*K106 -> 43332260 | M106: NO
A107: PUERTO LEGUIZAMO | B107: IER ANDINO | C107: 5 | D107: Transporte diario, Escuela Pailitas casas de los estudiantes rivera rio Mecaya, en la mañana y en la tarde. | E107: 40 | F107: Fluvial | G107: 32 | H107: 11989.2 | I107: =+'ESTUDIO DE MERCADO'!N107 -> 8000 | J107: =+I107*G107 -> 256000 | K107: 125 | L107: =+J107*K107 -> 32000000 | M107: SI
A108: PUERTO LEGUIZAMO | B108: IER ANDINO | C108: 6 | D108: Transporte diario, Escuela El Rosario casas de los estudiantes rivera rio Sencella, en la mañana y en la tarde. | E108: 50 | F108: Fluvial | G108: 13 | H108: 11989.2 | I108: =+'ESTUDIO DE MERCADO'!N108 -> 12660.595 | J108: =+I108*G108 -> 164587.74 | K108: 125 | L108: =+J108*K108 -> 20573467 | M108: NO
A109: PUERTO LEGUIZAMO | B109: MONA TO+/SEDE BILINGÜE | C109: 1 | D109: VEREDA TEJADA A LA SEDE BILINGE Y VICEVERSA | E109: 8 KM | F109: Fluvial | G109: 3 | H109: 20231.775 | I109: =+'ESTUDIO DE MERCADO'!N109 -> 16250 | J109: =+I109*G109 -> 48750 | K109: 125 | L109: =+J109*K109 -> 6093750 | M109: SI
A110: PUERTO LEGUIZAMO | B110: MONA TO+/SEDE BILINGÜE | C110: 2 | D110: VEREDA MIRAFLOREZ A LA SEDE BILINGE Y VICEVERSA | E110: 10 KM | F110: Fluvial | G110: 2 | H110: 36217.375 | I110: =+'ESTUDIO DE MERCADO'!N110 -> 32500 | J110: =+I110*G110 -> 65000 | K110: 125 | L110: =+J110*K110 -> 8125000 | M110: SI
A111: PUERTO LEGUIZAMO | B111: MONA TO+/SEDE BILINGÜE | C111: 3 | D111: SEDE LAGARTO COCHA/SEDE BILINGÜE Y VICEVERSA | E111: 10 KM | F111: Fluvial | G111: 3 | H111: 25576.96 | I111: =+'ESTUDIO DE MERCADO'!N111 -> 21600 | J111: =+I111*G111 -> 64800 | K111: 125 | L111: =+J111*K111 -> 8100000 | M111: SI
A112: PUERTO LEGUIZAMO | B112: MONA TO+/SEDE BILINGÜE | C112: 4 | D112: FINCA BENTURA/ SEDE BILINGÜE Y VICEVERSA | E112: 12 KM | F112: Fluvial | G112: 2 | H112: 36467.15 | I112: =+'ESTUDIO DE MERCADO'!N112 -> 32500 | J112: =+I112*G112 -> 65000 | K112: 125 | L112: =+J112*K112 -> 8125000 | M112: SI
A113: PUERTO LEGUIZAMO | B113: MONA TO+/SEDE LAGARTO COCHA | C113: 5 | D113: FINCA MARGARITA/SEDE LAGARTO COCHA Y VICEVERSA | E113: 5 KM | F113: Fluvial | G113: 5 | H113: 37965.8 | I113: =+'ESTUDIO DE MERCADO'!N113 -> 5500 | J113: =+I113*G113 -> 27500 | K113: 125 | L113: =+J113*K113 -> 3437500 | M113: SI
A114: PUERTO LEGUIZAMO | B114: MONA TO+/SEDE LAGARTO COCHA | C114: 6 | D114: FINCA CELMIRA CASTILLO/SEDE LAGARTO COCHA Y VICEVERSA | E114: 5 KM | F114: Fluvial | G114: 3 | H114: 12488.75 | I114: =+'ESTUDIO DE MERCADO'!N114 -> 8125 | J114: =+I114*G114 -> 24375 | K114: 125 | L114: =+J114*K114 -> 3046875 | M114: SI
A115: PUERTO LEGUIZAMO | B115: MONA TO+/SEDE AGUAS NEGRAS | C115: 7 | D115: FINCA MANUEL ESTRADA/ SEDE AGUAS NEGRAS Y VICEVERSA | E115: 10 KM | F115: Fluvial | G115: 3 | H115: 25576.96 | I115: =+'ESTUDIO DE MERCADO'!N115 -> 21600 | J115: =+I115*G115 -> 64800 | K115: 125 | L115: =+J115*K115 -> 8100000 | M115: SI
A116: PUERTO LEGUIZAMO | B116: MONA TO+/SEDE AGUAS NEGRAS | C116: 8 | D116: FINCA ROGELIO AGUINDA/SEDE AGUAS NEGRAS Y VICEVERSA | E116: 10 KM | F116: Fluvial | G116: 4 | H116: 50954.1 | I116: =+'ESTUDIO DE MERCADO'!N116 -> 13000 | J116: =+I116*G116 -> 52000 | K116: 125 | L116: =+J116*K116 -> 6500000 | M116: SI
A117: PUERTO LEGUIZAMO | B117: IER SAN LUIS GONZAGA | C117: 1 | D117: Sede Principal- Rio Caqueta cada 8 días- 8 veses al mes. Recoge niños , La Esperanza, Peterumbe, Santa Teresita de Merendu, Curiplaya, Comunidad Indigena Coropoya y puerto boy | E117: 60 | F117: FLUVIAL | G117: 54 | H117: 33969.4 | I117: =+'ESTUDIO DE MERCADO'!N117 -> 16000 | J117: =+I117*G117 -> 864000 | K117: 28 | L117: =+J117*K117 -> 24192000 | M117: SI
A118: PUERTO LEGUIZAMO | B118: IER SAN LUIS GONZAGA | C118: 2 | D118: Sede Principal- Rio Caqueta y Rio sencella todos los dias en la mañana y en la tarde | E118: 10 | F118: FLUVIAL | G118: 12 | H118: 29973 | I118: =+'ESTUDIO DE MERCADO'!N118 -> 15000 | J118: =+I118*G118 -> 180000 | K118: 125 | L118: =+J118*K118 -> 22500000 | M118: SI
A119: PUERTO LEGUIZAMO | B119: IER SAN LUIS GONZAGA | C119: 3 | D119: Sede La Mistela -Rio Sencella, cada 8 días- 8 veces al mes | E119: 24 | F119: FLUVIAL | G119: 7 | I119: =+'ESTUDIO DE MERCADO'!N119 -> 16000 | J119: =+I119*G119 -> 112000 | K119: 28 | L119: =+J119*K119 -> 3136000 | M119: SI
A120: PUERTO LEGUIZAMO | B120: IER SAN LUIS GONZAGA | C120: 4 | D120: Sede La Mistela -Rio Sencella, todos los dias en la mañana y en la tarde | E120: 10 | F120: FLUVIAL | G120: 4 | H120: 29973 | I120: =+'ESTUDIO DE MERCADO'!N120 -> 15000 | J120: =+I120*G120 -> 60000 | K120: 125 | L120: =+J120*K120 -> 7500000 | M120: SI
...

Sheet INTERVENTORIA
A1: SECRETARIA DE EDUCACIÓN DEPARTAMENTAL | C1: FORMATO: REQUISITOS PARA LA VIABILIZACION DE PROYECTOS DEL SECTOR EDUCATIVO.
C2: PLAN DE INVERSION
A3: MACRO PROCESO B: GESTION DE PROGRAMAS Y PROYECTOS
A4: Proceso: análisis, formulación e inscripción de programas y proyectos
A5: Subproceso: registro y análisis de viabilidad de programas y proyectos
A6: PRESUPUESTO INTERVENTORIA
A7: proyecto : FORTALECIMIENTO DEL ACCESO Y PERMANENCIA DE LOS NIÑOS, NIÑAS, ADOLESCENTES Y JÓVENES A LOS ESTABLECIMIENTOS EDUCATIVOS OFICIALES DEL DEPARTAMENTO DEL PUTUMAYO, MEDIANTE LA ESTRATEGIA DE TRANSPORTE ESCOLAR, VIGENCIA 2022 PUTUMAYO
A8: DESGLOSE PERSONAL
A9: ITEM | B9: CARGO | C9: UNIDAD | D9: CANT | E9: VALOR UND | F9: VALOR TOTAL
A10: 1 | B10: Director de Interventoría | C10: Mes | D10: 9 | E10: 3864000 | F10: =+D10*E10 -> 34776000
A11: 2 | B11: Coordinador General | C11: Mes | D11: 9 | E11: 2656000 | F11: =+D11*E11 -> 23904000
A12: 3 | B12: Profesional de Apoyo 1 | C12: Mes | D12: 7 | E12: 2656000 | F12: =+D12*E12 -> 18592000
A13: 4 | B13: Profesional de Apoyo 2 | C13: Mes | D13: 7 | E13: 2656000 | F13: =+D13*E13 -> 18592000
A14: 5 | B14: Profesional de Apoyo 3 | C14: Mes | D14: 7 | E14: 2656000 | F14: =+D14*E14 -> 18592000
A15: 6 | B15: Profesional de Apoyo 4 | C15: Mes | D15: 7 | E15: 2656000 | F15: =+D15*E15 -> 18592000
A16: 7 | B16: Profesional de Apoyo 5 | C16: Mes | D16: 7 | E16: 2656000 | F16: =+D16*E16 -> 18592000
A17: 8 | B17: Profesional de Apoyo 6 | C17: Mes | D17: 7 | E17: 2656000 | F17: =+D17*E17 -> 18592000
A18: 9 | B18: Profesional de Apoyo 7 | C18: Mes | D18: 7 | E18: 2656000 | F18: =+D18*E18 -> 18592000
A19: 10 | B19: Profesional de Apoyo 8 | C19: Mes | D19: 7 | E19: 2656000 | F19: =+D19*E19 -> 18592000
A20: 11 | B20: Profesional de Apoyo 9 | C20: Mes | D20: 7 | E20: 2656000 | F20: =+D20*E20 -> 18592000
A21: 13 | B21: Contador | C21: Mes | D21: 8 | E21: 2656000 | F21: =+D21*E21 -> 21248000
... A24: 16 | B24: HSEQ | C24: Mes | D24: 7 | E24: 2656000 | F24: =+D24*E24 -> 18592000
A25: SUBTOTAL 1 | F25: =SUM(F10:F24) -> 303395000
A26: FACTOR MULTIPLICADOR (1,94) | F26: =+F25*'FACTOR MULTIPLICADOR'!I34 -> 588586300
A27: LOGISTICA
A28: 1 | B28: Comunicaciones (internet y teléfono) | C28: Mes | D28: 9 | E28: 200000 | F28: =+D28*E28 -> 1800000
A29: 2 | B29: Servicios (agua, luz, aseo) | C29: Mes | D29: 9 | E29: 150000 | F29: =+D29*E29 -> 1350000
A30: SUBTOTAL 2 | F30: =SUM(F28:F29) -> 3150000
A31: GASTOS DE DESPLAZAMIENTOS
A32: DESSRIPCION | C32: VALOR MES | D32: CANTIDAD | E32: No. DE MESES | F32: TOTAL
A33: ALQUILER VEHICULO DESPLAZAMIENTOS PROFESIONAL 1 - (INFORMES DE SUPERVISION MENSUALES; SANTIAGO, COLON, SIBUNDOY Y SAN FRANCISCO) | C33: 8500000 | D33: 1 | E33: 7 | F33: =+(C33*D33)*E33 -> 59500000
A34: ALQUILER VEHICULO DESPLAZAMIENTOS PROFESIONAL 2, 3 Y 4 - (INFORMES DE SUPERVISION MENSUALES; MOCOA, VILLAGARZON, PUERTO GUZMAN) | C34: 8500000 | D34: 3 | E34: 7 | F34: =+(C34*D34)*E34 -> 178500000
A35: ALQUILER VEHICULO DESPLAZAMIENTOS PROFESIONAL 5 Y 6 - (INFORMES DE SUPERVISION MENSUALES; PUERTO ASIS, PUERTO CAICEDO) | C35: 8500000 | D35: 2 | E35: 7 | F35: =+(C35*D35)*E35 -> 119000000
A36: ALQUILER VEHICULO DESPLAZAMIENTOS PROFESIONAL 7 Y8 - (INFORMES DE SUPERVISION MENSUALES; ORITO, VALLE DEL GUAMUEZ, SAN MIGUEL) | C36: 8500000 | D36: 2 | E36: 7 | F36: =+(C36*D36)*E36 -> 119000000
A37: ALQUILER VEHICULO DESPLAZAMIENTOS PROFESIONAL 10 - (INFORMES DE SUPERVISION MENSUALES;LEGUIZAMO) | C37: 3500000 | D37: 1 | E37: 7 | F37: =+(C37*D37)*E37 -> 24500000
A38: SUBTOTAL 3 | F38: =SUM(F33:F37) -> 500500000
A39: VALOR ANTES DE IVA | F39: =+F38+F30+F26 -> 1092236300
A40: IVA 19% | F40: =+F39*19% -> 207524897
A41: GASTOS LEGALES (10,5% estampilla y 1% poliza) - 11,5% | F41: =+F39*11.5% -> 1.2560717e+08
A42: TOTAL INTERVENTORIA | F42: =+F41+F40+F39 -> 1.4253684e+09
A45: SANDRA PATRICIA DIMAS PERDOMO Secretaria de Educación Departamental
A47: Proyecto: Andres Felipe Fajardo Ñustez - P.E. Apoyo SED ________
A48: Revisó: Horacio Javier Pardo Narvaez -P.U. - Permanencia Cobertura SED Putumayo ______
A49: Reviso: Jhon Alexander Calderón –P.E. Apoyo- SED Putumayo ______

Sheet FACTOR MULTIPLICADOR
A1: Desglose Factor Multipicador de la interventoria.
A2: proyecto : FORTALECIMIENTO DEL ACCESO Y PERMANENCIA DE LOS NIÑOS, NIÑAS, ADOLESCENTES Y JÓVENES A LOS ESTABLECIMIENTOS EDUCATIVOS OFICIALES DEL DEPARTAMENTO DEL PUTUMAYO, MEDIANTE LA ESTRATEGIA DE TRANSPORTE ESCOLAR, VIGENCIA 2021 PUTUMAYO
C4: CONCEPTO | I4: PORCENTAJE
A5: 1. | B5: Salarios y Prestaciones Sociales de Personal Facturable
A6: 1.1. | B6: Salarios | I6: 1
A7: 1.2. | B7: Prima anual (legal) | E7: 1 | F7: ÷ 12 = | I7: =1/12 -> 0.083333333
A8: 1.3. | B8: Cesantía | E8: 1 | F8: ÷ 12 = | I8: =1/12 -> 0.083333333
A9: 1.4. | B9: Intereses de cesantía | E9: 0.01 | F9: x 1.3. = | I9: 0.01
A10: 1.5. | B10: Vacaciones | I10: =+I8/2 -> 0.041666667
A11: 1.6. | B11: Seguridad Social (salud + pensión) | I11: 0.205
A12: 1.7. | B12: Caja de Compensación Familiar | I12: 0.04
A13: 1.8. | B13: ARL | I13: 0.0696
A14: 1.9. | B14: Sena | I14: 0.02
A15: 1.10. | B15: ICBF | I15: 0.03
A16: 1.11. | B16: Otros (Auxilios varios, prestaciones extralegales, Incapacidades no cubiertas) | I16: 0.03
A17: 1.12. | B17: Dotación | I17: 0
A18: Sub-total | I18: =SUM(I6:I17) -> 1.6129333
A19: 2. | B19: Gastos Directos
A20: 2.1. | B20: Arriendo oficina | I20: 0.07
A21: Sub-total | I21: =SUM(I20:I20) -> 0.07
A22: 3. | B22: Gastos Generales
A23: 3.1. | B23: Equipos y mantenimiento Oficina (Aseo) | I23: 0.035
A24: 3.2. | B24: Papelería y útiles de oficina | I24: 0.01
A25: Sub-total | I25: =SUM(I23:I24) -> 0.045
A27: 4. | B27: Otros Gastos de Legalizacion
B28: Rete ica | I28: 0.01
B29: Retefuente | I29: 0.11
A30: Sub-total | I30: =+I28+I29 -> 0.12
A31: 5. | B31: Honorarios (Utilidad del consultor y costos no previstos) | H31: Sub-total | I31: 0.09
A33: T O T A L | I33: =SUM(I31,I30,I25,I21,I18) -> 1.9379333
A34: Total Factor Multiplicador. | I34: 1.94
A38: SANDRA PATRICIA DIMAS PERDOMO Secretaria de Educación Departamental
A42: Proyecto: Andres Felipe Fajardo Ñustez - P.E. Apoyo SED ______
A43: Revisó: Horacio Javier Pardo Narvaez -P.U. - Permanencia Cobertura SED Putumayo ______
A44: Reviso: Jhon Alexander Calderón –P.E. Apoyo- SED Putumayo ______

Sheet ESTUDIO DE MERCADO
A1: ESTUDIO DE MERCADO TRANSPORTE ESCOLAR VIGENCIA 2022
A2: 1. MUNICIPIO | B2: 2. ESTABLECIMIENTO EDUCATIVO | C2: 3. N° DE RUTA | D2: 4. DESCRIPCION PUNTOS DE ACCESO DE CADA RUTA | E2: 5. KILOMETRAJE A RECORRER POR CADA RUTA | F2: 6. TIPO TRANSPORTE (Terrestre o Fluvial) | G2: 7. N° TOTAL DE ESTUDIANTES A BENEFICIARSE (Según SIMAT) | H2: VALOR DIARIO POR ESTUDIANTE COOTRANSERP | I2: VALOR DIARIO POR ESTUDIANTE COOTRANSPUTUMAYO | J2: VALOR DIARIO POR ESTUDIANTE SURESPECIAL | K2: VALOR DIARIO POR ESTUDIANTE COOTRANSPUERTO ASIS | L2: VALOR DIARIO POR ESTUDIANTE EXPRESO LIBERTADOR | M2: VALOR REPORTADO POR EL MUNICIPIO | N2: VALOR PROMEDIO | O2: 11. RUTA CUBIERTA CON VEHICULO PROPIO (SI O NO)
A3: COLON | B3: IE SUCRE | C3: 1 | D3: RUTA 1 : CASCO URBANO COLON-SIBUNDOY-VEREDA SAN FELIX CORREGIMIENTO SAN PEDRO- VEREDA SAN JOSE DE TACANGAYACO-VEREDA LAS PALMAS- IE SUCRE-VICEVERSA | E3: 16 km | F3: Terrestre | G3: 67 | H3: 5495.05 | I3: 10000 | J3: =+I3*G3 -> 670000 | M3: 10000 | N3: =+AVERAGE(M3) -> 10000 | O3: SI
A4: COLON | B4: IE SUCRE | C4: 2 | D4: RUTA 2: CASCO URBANO COLON-SANTIAGO VEREDA VICHOY VEREDA LA JOSEFINA-IE SUCRE VICEVERSA | E4: 14 | F4: Terrestre | G4: 21 | H4: 9006.832 | I4: 9006.832 | J4: 8417.6 | N4: =+AVERAGE(H4:J4) -> 8810.4213 | O4: NO
A5: COLON | B5: IE SUCRE | C5: 3 | D5: RUTA 3 : CORREGIMIENTO SAN PEDRO-ALTO SAN PEDRO A COLON IE SUCRE Y VICEVERSA. | E5: 13 | F5: Terrestre | G5: 3 | H5: 9608.5037 | I5: 9608.5037 | J5: 8979.91 | N5: =+AVERAGE(H5:J5) -> 9398.9725 | O5: NO
A6: COLON | B6: IER ALBERTO LEON ROJAS | C6: 1 | D6: RUTA 1 : CORREGIMIENTO SAN PEDRO-COLON-VEREDA MICHOACAN -VEREDA LAS PALMAS-VEREDA SAN JOSE- IER ALBERTO LEON ROJAS Y VICEVERSA. | E6: 10 | F6: Terrestre | G6: 43 | H6: 8392.44 | I6: 10000 | J6: =+I6*G6 -> 430000 | M6: 10000 | N6: =+AVERAGE(M6) -> 10000 | O6: SI
A7: COLON | B7: IER ALBERTO LEON ROJAS | C7: 2 | D7: RUTA 2 : CORREGIMIENTO SAN PEDRO-SIBUNDOY-VEREDA EL CEDRO-VEREDA LA ESPERANZA IER ALBERTO LEON ROJAS Y VICEVERSA. | E7: 6 | F7: Terrestre | G7: 25 | H7: 8392.44 | I7: 10000 | J7: =+I7*G7 -> 250000 | M7: 10000 | N7: =+AVERAGE(M7) -> 10000 | O7: SI
A8: COLON | B8: IER ALBERTO LEON ROJAS | C8: 3 | D8: RUTA 3 : CORREGIMIENTO SAN PEDRO- IPT- VEREDA MACHINDINOY - VEREDA VERSALLES-IER ALBERTO LEON ROJAS Y VICEVERSA. | E8: 16 | F8: Terrestre | G8: 14 | H8: 8392.44 | I8: 10000 | J8: =+I8*G8 -> 140000 | M8: 10000 | N8: =+AVERAGE(M8) -> 10000 | O8: SI
A9: COLON | B9: IER ALBERTO LEON ROJAS | C9: 4 | D9: RUTA 4 : CORREGIMIENTO SAN PEDRO-VEREDA ALTO SAN PEDRO-IER ALBERTO LEON ROJAS Y VICEVERSA. | E9: 7 KM | F9: Terrestre | G9: 11 | H9: 9608.5037 | I9: 9608.5037 | J9: 8979.91 | N9: =+AVERAGE(H9:J9) -> 9398.9725 | O9: NO
A10: COLON | B10: IER ALBERTO LEON ROJAS | C10: 5 | D10: CORREGIMIENTO SAN PEDRO-SAN FRANCISCO-IER ALBERTO LEON ROJAS Y VICEVERSA. | E10: 19 | F10: Terrestre | G10: 3 | H10: 9608.5037 | I10: 9608.5037 | J10: 8979.91 | N10: =+AVERAGE(H10:J10) -> 9398.9725 | O10: NO
A11: COLON | B11: CER BILINGÜE INGA COLON | C11: 1 | D11: RUTA 1 : CASCO URBANO COLON-BARRIOS SANTO TOMAS, AMERICAS, SAN ANTONIO-LIBERTAD-ESCUELA RURAL MIXTA LAS PALMAS- VICEVERSA | E11: 5 KM | F11: Terrestre | G11: 8 | H11: 9608.5037 | I11: 9608.5037 | J11: 8979.91 | N11: =+AVERAGE(H11:J11) -> 9398.9725 | O11: NO
A12: COLON | B12: CER BILINGÜE INGA COLON | C12: 2 | D12: RUTA 2 : SAN PEDRO- VEREDA ALTO DE SAN PEDRO-ESCUELA RURAL MIXTA BUENOS AIRES Y VICEVERSA. | E12: 10 | F12: Terrestre | G12: 1 | H12: 9608.5037 | I12: 9608.5037 | J12: 8979.91 | N12: =+AVERAGE(H12:J12) -> 9398.9725 | O12: NO
A13: SUBTOTAL COLON | G13: =SUM(G3:G12) -> 196 | J13: =SUM(J3:J12) -> 1543317.1 | N13: =SUM(N3:N12) -> 95805.284
A14: PUERTO LEGUIZAMO | B14: INST ETNOEDUCATIVA RUR INDIGENA KICHWA SANTA CECILIA - SEDE CENTRAL EXTERNOS | C14: 1 | D14: HABITACIONES ALEDAÑAS SEDE - Y VICEVERSA DIARIO. Son dos rutas hacia arriba y dos rutas hacia abajo | E14: 5 KM | F14: Fluvial | G14: 12 | H14: 26975.7 | I14: 6773 | J14: =+I14*G14 -> 81276 | M14: 6773 | N14: =+AVERAGE(M14) -> 6773 | O14: SI
A15: PUERTO LEGUIZAMO | B15: INST ETNOEDUCATIVA RUR INDIGENA KICHWA SANTA CECILIA - SEDE CENTRAL INTERNOS | C15: 2 | D15: SEDE SANTA CECILIA - LEGUIZAMO Y VECEVERSA FINES DE SEMANA | E15: 10 KM | F15: Fluvial | G15: 52 | H15: 17184.52 | I15: 10215 | J15: =+I15*G15 -> 531180 | M15: 10215 | N15: =+AVERAGE(M15) -> 10215 | O15: SI
A16: PUERTO LEGUIZAMO | B16: INST ETNOEDUCATIVA RUR INDIGENA KICHWA SANTA CECILIA - SEDE CENTRAL INTERNOS | C16: 3 | D16: SEDE SANTA CECILIA,LEGUIZAMO, SEDE PUERTO RICO- SEDE LA APAYA-SEDE PERECERA-SEDE BAJO REMANSO- SEDE SANTA RERESITA- SEDE LUZ DE AMERICA-SEDE EL CAMPEON Y VICEVERSA 8 VECES AL AÑO | E16: 434 KM | F16: Fluvial | G16: 25 | H16: 53566.747 | I16: 9925 | J16: =+I16*G16 -> 248125 | M16: 9925 | N16: =+AVERAGE(M16) -> 9925 | O16: SI
A17: PUERTO LEGUIZAMO | B17: INST ETNOEDUCATIVA RUR INDIGENA KICHWA SANTA CECILIA - SEDE PUERTO RICO | C17: 4 | D17: HABITACIONES ALEDAÑAS SEDE - Y VICEVERSA DIARIO. Son dos rutas hacia arriba y dos rutas hacia abajo | E17: 10 KM | F17: Fluvial | G17: 5 | K17: 45802.89 | L17: 45802.89 | N17: =+AVERAGE(K17:L17) -> 45802.89 | O17: NO
A18: PUERTO LEGUIZAMO | B18: INST ETNOEDUCATIVA RUR INDIGENA KICHWA SANTA CECILIA - SEDE: LA PERECERA | C18: 5 | D18: HABITACIONES ALEDAÑAS SEDE - Y VICEVERSA DIARIO. Son dos rutas hacia arriba y dos rutas hacia abajo | E18: 35 KM | F18: Fluvial | G18: 20 | K18: 22299.043 | L18: 22299.043 | N18: =+AVERAGE(K18:L18) -> 22299.043 | O18: NO
A19: PUERTO LEGUIZAMO | B19: INST ETNOEDUCATIVA RUR INDIGENA KICHWA SANTA CECILIA - SEDE: LA APAYA | C19: 6 | D19: HABITACIONES ALEDAÑAS SEDE - Y VICEVERSA DIARIO. | E19: 30 KM | F19: Fluvial | G19: 1 | K19: 53522.406 | L19: 53522.406 | N19: =+AVERAGE(K19:L19) -> 53522.406 | O19: NO
A20: PUERTO LEGUIZAMO | B20: INST ETNOEDUCATIVA RUR INDIGENA KICHWA SANTA CECILIA - SEDE: BAJO REMANSO | C20: 7 | D20: HABITACIONES ALEDAÑAS SEDE - Y VICEVERSA DIARIO. Son dos rutas hacia arriba y dos rutas hacia abajo | E20: 75 KM | F20: Fluvial | G20: 5 | K20: 45393.449 | L20: 45393.449 | N20: =+AVERAGE(K20:L20) -> 45393.449 | O20: NO
A21: PUERTO LEGUIZAMO | B21: INST ETNOEDUCATIVA RUR INDIGENA KICHWA SANTA CECILIA - SEDE:SANTA TERESITA | C21: 8 | D21: HABITACIONES ALEDAÑAS SEDE - Y VICEVERSA DIARIO. | E21: 80 KM | F21: Fluvial | G21: 5 | K21: 36170.867 | L21: 36170.867 | N21: =+AVERAGE(K21:L21) -> 36170.867 | O21: NO
A22: PUERTO LEGUIZAMO | B22: INST ETNOEDUCATIVA RUR INDIGENA KICHWA SANTA CECILIA - SEDE:LUZ DE AMERICA | C22: 9 | D22: HABITACIONES ALEDAÑAS SEDE - Y VICEVERSA DIARIO. Son dos rutas hacia arriba y dos rutas hacia abajo | E22: 120 KM | F22: Fluvial | G22: 17 | K22: 51714.665 | L22: 51714.665 | N22: =+AVERAGE(K22:L22) -> 51714.665 | O22: NO
A23: PUERTO LEGUIZAMO | B23: INST ETNOEDUCATIVA RUR INDIGENA KICHWA SANTA CECILIA - SEDE: EL CAMPEON | C23: 10 | D23: HABITACIONES ALEDAÑAS SEDE - Y VICEVERSA DIARIO. Son dos rutas hacia arriba y dos rutas hacia abajo | E23: 180 KM | F23: Fluvial | G23: 8 | H23: 54594.82 | I23: 9905 | J23: =+I23*G23 -> 79240 | M23: 9905 | N23: =+AVERAGE(M23) -> 9905 | O23: SI
A24: PUERTO LEGUIZAMO | B24: IERI KICHWA LLAKTAMANDA | C24: 1 | D24: Estudiantes internos cada 8 días ida los viernes y regreso los domingos PUERTO NARIÑO (SEDE CENTRAL ANTONIO NARIÑO), BELLA VISTA, PEREA, PUERTO REYES. | E24: 288 Km - 24 Horas | F24: Fluvial | G24: 46 | H24: 11989.2 | I24: 4429 | J24: =+I24*G24 -> 203734 | M24: 4429 | N24: =+AVERAGE(M24) -> 4429 | O24: SI
A25: PUERTO LEGUIZAMO | B25: IERI KICHWA LLAKTAMANDA | C25: 2 | D25: Estudiantes internos cada 8 días ida los viernes y regreso los domingos PUERTO NARIÑO (SEDE CENTRAL ANTONIO NARIÑO) - SOPLIN VARGAS, PENEYA, ISLA NUEVA LEGUIZAMO | E25: 72 Km - 6 Horas | F25: Fluvial | G25: 20 | H25: 11424.709 | I25: 5870 | J25: =+I25*G25 -> 117400 | M25: 5870 | N25: =+AVERAGE(M25) -> 5870 | O25: SI
A26: PUERTO LEGUIZAMO | B26: IERI KICHWA LLAKTAMANDA | C26: 3 | D26: PUERTO NARIÑO (SEDE CENTRAL ANTONIO NARIÑO) - CAÑO ADENTRO, LA QUEBRQADITA DIARIO | E26: 12 Km - 1 Hora | F26: Fluvial | G26: 2 | H26: 12488.75 | I26: 37500 | J26: =+I26*G26 -> 75000 | M26: 37500 | N26: =+AVERAGE(M26) -> 37500 | O26: SI
A27: PUERTO LEGUIZAMO | B27: IERI KICHWA LLAKTAMANDA | C27: 4 | D27: LA QUEBRADITA (SEDE LA QUEBRADITA) - SOPLIN VARGAS DIARIO | E27: 24 Km - 2 Horas | F27: Fluvial | G27: 20 | H27: 37466.25 | I27: 6500 | J27: =+I27*G27 -> 130000 | M27: 6500 | N27: =+AVERAGE(M27) -> 6500 | O27: SI
A28: PUERTO LEGUIZAMO | B28: IERI KICHWA LLAKTAMANDA | C28: 5 | D28: PUNTALES (SEDE PUNTALES) - CAÑO CURILLA DIARIO | E28: 24 Km - 2 Horas | F28: Fluvial | G28: 4 | H28: 12988.3 | I28: 37500 | J28: =+I28*G28 -> 150000 | M28: 37500 | N28: =+AVERAGE(M28) -> 37500 | O28: SI
A29: PUERTO LEGUIZAMO | B29: I.E.R. LUIS VIDALES DE PIÑUÑA NEGRO | C29: 1 | D29: IER Luis Vidales -vereda Lorencito, (se hacen 2 rutas diarias) y veceversa, rio Putumayo | E29: 3 Km y 4 Horas | F29: Fluvial | G29: 17 | H29: 12988.3 | I29: 20000 | J29: =+I29*G29 -> 340000 | M29: 20000 | N29: =+AVERAGE(M29) -> 20000 | O29: SI
A30: PUERTO LEGUIZAMO | B30: I.E.R. LUIS VIDALES DE PIÑUÑA NEGRO | C30: 2 | D30: IER Luis Vidales internado, (se hacen 4 rutas al mes ida y regreso) a la Vda Puerto Principe por el rio putumayo hacia arriba y veceversa y Vda.San Rafael (Ecuador) Por el rio putumayo hacia abajo. | E30: 4 KM | F30: Fluvial | G30: 55 | H30: 17024.664 | I30: 25000 | J30: =+I30*G30 -> 1375000 | M30: 25000 | N30: =+AVERAGE(M30) -> 25000 | O30: SI
A31: PUERTO LEGUIZAMO | B31: I.E.R. LUIS VIDALES DE PIÑUÑA NEGRO | C31: 3 | D31: Sede San Juaquin-fincas aledañas (se hacen 2 rutas diarias) y viceversa rio Putumayo. | E31: 3 KM | F31: Fluvial | G31: 6 | H31: 15526.014 | I31: 20000 | J31: =+I31*G31 -> 120000 | M31: 20000 | N31: =+AVERAGE(M31) -> 20000 | O31: SI
A32: PUERTO LEGUIZAMO | B32: I.E.R. LUIS VIDALES DE PIÑUÑA NEGRO | C32: 4 | D32: Sede Balsora fincas aliedañas (se hacen 2 rutas diarias) y viceversa | E32: 2,5 KM | F32: Fluvial | G32: 11 | H32: 15026.464 | I32: 15000 | J32: =+I32*G32 -> 165000 | M32: 15000 | N32: =+AVERAGE(M32) -> 15000 | O32: SI
A33: PUERTO LEGUIZAMO | B33: I.E.R. LUIS VIDALES DE PIÑUÑA NEGRO | C33: 5 | D33: Sede alto Agua Blanca - fincas aledañas( 2 rutas diarias) | E33: 3 Km | F33: Fluvial | G33: 6 | H33: 15026.464 | I33: 20000 | J33: =+I33*G33 -> 120000 | M33: 20000 | N33: =+AVERAGE(M33) -> 20000 | O33: SI
A34: PUERTO LEGUIZAMO | B34: I.E.R. LUIS VIDALES DE PIÑUÑA NEGRO | C34: 6 | D34: Sede el progreso- fincas aledañas (se hacen 2 rutas diarias) y viceversa rio Putumayo | E34: 3Km | F34: Fluvial | G34: 16 | H34: 15026.464 | I34: 11000 | J34: =+I34*G34 -> 176000 | M34: 11000 | N34: =+AVERAGE(M34) -> 11000 | O34: SI
... A36: PUERTO LEGUIZAMO | B36: I.E.R. LUIS VIDALES DE PIÑUÑA NEGRO | C36: 8 | D36: Sede Puerto Principe - fincas aledañas (se hacen 4 rutas diarias, dos hacia arriba y dos hacia abajo) y viceversa rio Putumayo. | E36: 5 Km | F36: Fluvial | G36: 9 | H36: 15026.464 | I36: 30000 | J36: =+I36*G36 -> 270000 | M36: 30000 | N36: =+AVERAGE(M36) -> 30000 | O36: SI
A37: PUERTO LEGUIZAMO | B37: I.E.R. SAN PEDRO | C37: 1 | D37: CABECERA MUNICIPAL A LA SEDE PRINCIPAL DE SAN PEDRO -VERDEDA SAN PEDRO A LA CABECERA MUNICCIPAL (05 VECES EN LA SEMANA) | E37: 7KM IDA Y 7KM VUELTA | F37: Terrestre | G37: 20 | H37: 7296.1775 | I37: 7296.1775 | J37: 7296.1775 | N37: =+AVERAGE(H37:J37) -> 7296.1775 | O37: NO
A38: PUERTO LEGUIZAMO | B38: I.E.R. SAN PEDRO | C38: 2 | D38: CORREGIMIENTO LA TAGUA A LA SEDE PRINCIPAL DE SAN PEDRO -VEREDA SAN PEDRO A COREGIMIENTO LA TAGUA.(01 VECES EN LA SEMANA) | E38: 17KM IDA Y 17 KM VUELTA | F38: Terrestre | G38: 20 | H38: 8979.9108 | I38: 8979.9108 | J38: 8979.9108 | N38: =+AVERAGE(H38:J38) -> 8979.9108 | O38: NO
A39: PUERTO LEGUIZAMO | B39: I.E.R. SAN PEDRO | C39: 3 | D39: LA TAGUA - VDA PUERTO PIZARRO ( 01 VECES POR SEMANAN) | E39: 3 DIAS DE NAVEGACION | F39: Fluvial | G39: 6 | K39: 200243.46 | L39: 200243.46 | N39: =+AVERAGE(K39:L39) -> 200243.46 | O39: NO
A40: PUERTO LEGUIZAMO | B40: I.E.R. SAN PEDRO | C40: 4 | D40: CABILDO INDIGENA JIRIJIRI L CORREGUIMIENTO LA TAGUA- LA TAGUA VDA JIRIJIRI (01 VECES POR SEMANA) | E40: 10KM IDA Y 10 KM VUELTA | F40: Fluvial | G40: 11 | K40: 18216.39 | L40: 18216.39 | N40: =+AVERAGE(K40:L40) -> 18216.39 | O40: NO
A41: PUERTO LEGUIZAMO | B41: I.E.R. JORGE ELIECER GAITAN | C41: 1 | D41: Desde Puerto Ospina hasta el Carmen del Ecuador 4 recorridos diarios. | E41: 10 KM | F41: FLUVIAL | G41: 55 | H41: 9991 | I41: 3871 | J41: =+I41*G41 -> 212905 | M41: 3871 | N41: =+AVERAGE(M41) -> 3871 | O41: SI
A42: PUERTO LEGUIZAMO | B42: I.E.R. JORGE ELIECER GAITAN | C42: 2 | D42: Desde Puerto Ospina hasta la Vereda Aguas Negras | E42: 2 KM | F42: FLUVIAL | G42: 2 | K42: 40000 | L42: 40000 | N42: =+AVERAGE(K42:L42) -> 40000 | O42: NO
A43: PUERTO LEGUIZAMO | B43: I.E.R. JORGE ELIECER GAITAN | C43: 4 | D43: Desde la Sede El Tablero hasta Fincas aledañas, río Putumayo | E43: 15 KM | F43: FLUVIAL | G43: 20 | I43: 26500 | J43: =+I43*G43 -> 530000 | M43: 26000 | N43: =+AVERAGE(M43) -> 26000 | O43: SI
A44: PUERTO LEGUIZAMO | B44: I.E.R. JORGE ELIECER GAITAN | C44: 5 | D44: Desde la Sede La Concepción hasta Fincas aledañas, río Putumayo | E44: 10 KM | F44: FLUVIAL | G44: 10 | H44: 19982 | I44: 19000 | J44: =+I44*G44 -> 190000 | M44: 19000 | N44: =+AVERAGE(M44) -> 19000 | O44: SI
A45: PUERTO LEGUIZAMO | B45: I.E.R. JORGE ELIECER GAITAN | C45: 6 | D45: Desde la Sede El Remanso hasta Fincas aledañas, río Putumayo | E45: 10 KM | F45: FLUVIAL | G45: 4 | K45: 10550.496 | L45: 10550.496 | N45: =+AVERAGE(K45:L45) -> 10550.496 | O45: NO
A46: PUERTO LEGUIZAMO | B46: I.E.R. JORGE ELIECER GAITAN | C46: 7 | D46: Desde la Sede El Hacha hasta Fincas aledañas, río Putumayo. | E46: 15 KM | F46: FLUVIAL | G46: 10 | K46: 10550.496 | L46: 10550.496 | N46: =+AVERAGE(K46:L46) -> 10550.496 | O46: NO
A47: PUERTO LEGUIZAMO | B47: I.E.R. JORGE ELIECER GAITAN | C47: 8 | D47: Desde el Internado hasta las veredas Tablero, Remanso y Hacha, Se hacen dos rutas al mes, río Putumayo. | E47: 50 KM | F47: FLUVIAL | G47: 15 | H47: 9991 | I47: =+H47*1.056 -> 10550.496 | J47: =+I47*G47 -> 158257.44 | M47: 25000 | N47: =+AVERAGE(M47) -> 25000 | O47: SI
A48: PUERTO LEGUIZAMO | B48: I.E.R. LEONIDAS NORZAGARAY | C48: 1 | D48: SEDE PPAL - VEREDA SANTANDER | E48: 16 KM - 1 H 30 MIN | F48: Fluvial | G48: 20 | H48: 9991 | I48: 17300 | J48: =+I48*G48 -> 346000 | M48: 17300 | N48: =+AVERAGE(M48) -> 17300 | O48: SI
A49: PUERTO LEGUIZAMO | B49: I.E.R. LEONIDAS NORZAGARAY - SEDE LA VICTORIA | C49: 2 | D49: SEDE - HABITACIONES ALEDAÑAS | E49: 12 KM - 1 HORA | F49: Fluvial | G49: 15 | H49: 13899.479 | I49: 7700 | J49: =+I49*G49 -> 115500 | M49: 7700 | N49: =+AVERAGE(M49) -> 7700 | O49: SI
A50: PUERTO LEGUIZAMO | B50: I.E.R. LEONIDAS NORZAGARAY - SEDE CORDOBA | C50: 3 | D50: SEDE - HABITACIONES ALEDAÑAS | E50: 12 KM - 1 HORA | F50: Fluvial | G50: 15 | H50: 15577.967 | I50: 1872 | J50: =+I50*G50 -> 28080 | M50: 1872 | N50: =+AVERAGE(M50) -> 1872 | O50: SI
A51: PUERTO LEGUIZAMO | B51: I.E.R. LEONIDAS NORZAGARAY - SEDE SANTANDER | C51: 4 | D51: SEDE - HABITACIONES ALEDAÑAS | E51: 10 KM - 50 MIN. | F51: Fluvial | G51: 16 | H51: 13942.441 | I51: 8500 | J51: =+I51*G51 -> 136000 | M51: 8500 | N51: =+AVERAGE(M51) -> 8500 | O51: SI
A52: PUERTO LEGUIZAMO | B52: I.E.R. LEONIDAS NORZAGARAY - SEDE LAS VEGAS | C52: 5 | D52: SEDE - HABITACIONES ALEDAÑAS | E52: 8 KM - 40 MIN. | F52: Fluvial | G52: 10 | H52: 13916.464 | I52: 14000 | J52: =+I52*G52 -> 140000 | M52: 14000 | N52: =+AVERAGE(M52) -> 14000 | O52: SI
A53: PUERTO LEGUIZAMO | B53: I.E.R. LEONIDAS NORZAGARAY - SEDE ALBANIA | C53: 6 | D53: SEDE - HABITACIONES ALEDAÑAS | E53: 10 KM - 50 MIN. | F53: Fluvial | G53: 14 | H53: 14498.939 | I53: 12800 | J53: =+I53*G53 -> 179200 | M53: 12800 | N53: =+AVERAGE(M53) -> 12800 | O53: SI
A54: PUERTO LEGUIZAMO | B54: I.E.R. LEONIDAS NORZAGARAY | C54: 7 | D54: SEDE PPAL- VEREDA SAN FRANCISCO | E54: 8 KM - 20 MIN. | F54: Terrestre | G54: 8 | H54: 16681.253 | I54: 16681.253 | J54: 16681.253 | N54: =+AVERAGE(H54:J54) -> 16681.253 | O54: NO
A55: PUERTO LEGUIZAMO | B55: I.E.R. NUKANCHIRUNA | C55: 1 | D55: SEDE PRINCIPAL - VEREDA LUPITA, TODO LOS DIAS | E55: 3 KM | F55: Fluvial | G55: 10 | K55: 16681.253 | L55: 16681.253 | N55: =+AVERAGE(K55:L55) -> 16681.253 | O55: NO
A56: PUERTO LEGUIZAMO | B56: I.E.R. NUKANCHIRUNA | C56: 2 | D56: SEDE PRINCIPAL - BARRIO LA PAZ, TODO LOS DIAS | E56: 2 KM | F56: Terrestre | G56: 8 | H56: 12347.377 | I56: 12347.377 | J56: 12347.377 | N56: =+AVERAGE(H56:J56) -> 12347.377 | O56: NO
A57: PUERTO LEGUIZAMO | B57: CER SANTA MARIA | C57: 1 | D57: Sede principal-Rio Caqueta, cada 8 dias- 4 veces al mes. | E57: 17 | F57: Fluvial | G57: 8 | H57: 14898.579 | I57: 11000 | J57: =+I57*G57 -> 88000 | M57: 11000 | N57: =+AVERAGE(M57) -> 11000 | O57: SI
A58: PUERTO LEGUIZAMO | B58: CER SANTA MARIA | C58: 2 | D58: Sede principal-Rio Caqueta, todos los dias. | E58: 10 | F58: Fluvial | G58: 8 | H58: 11539.605 | I58: 10000 | J58: =+I58*G58 -> 80000 | M58: 10000 | N58: =+AVERAGE(M58) -> 10000 | O58: SI
A59: PUERTO LEGUIZAMO | B59: CER SANTA MARIA | C59: 3 | D59: Sede La Llanada- Rio Caqueta, todos los dias | E59: 9 | F59: Fluvial | G59: 6 | K59: 15543.798 | L59: 15543.798 | N59: =+AVERAGE(K59:L59) -> 15543.798 | O59: NO
A60: PUERTO LEGUIZAMO | B60: CER SANTA MARIA | C60: 4 | D60: Sede Nuevo Futuro - Caño Nuevo futuro, todos los dias. | E60: 10 | F60: Fluvial | G60: 8 | H60: 14526.914 | I60: 10000 | J60: =+I60*G60 -> 80000 | M60: 10000 | N60: =+AVERAGE(M60) -> 10000 | O60: SI
A61: PUERTO LEGUIZAMO | B61: CER SANTA MARIA | C61: 5 | D61: Sede La Florida Dos - Caño Santa Maria todos los dias. | E61: 9 | F61: Fluvial | G61: 12 | K61: 15543.798 | L61: 15543.798 | N61: =+AVERAGE(K61:L61) -> 15543.798 | O61: NO
A62: PUERTO LEGUIZAMO | B62: CER SANTA MARIA | C62: 6 | D62: Sede Loma Encantada - Caño Loma Encantada, todos los dias. | E62: 10 | F62: Fluvial | G62: 15 | K62: 15543.798 | L62: 15543.798 | N62: =+AVERAGE(K62:L62) -> 15543.798 | O62: NO
A63: PUERTO LEGUIZAMO | B63: C.E.R. YURIYA | C63: 1 | D63: DIAMANTE: Recorrido en la Vda. El Diamante sobre el rio Mecaya. Parte desde la Escuela hasta la finca del señor Lisandro Quigua y hacia la parte baja, puerto del señor Leider Rojas. | E63: 25 | F63: Fluvial | G63: 7 | H63: 19982 | I63: 17000 | J63: =+I63*G63 -> 119000 | M63: 17000 | N63: =+AVERAGE(M63) -> 17000 | O63: SI
A64: PUERTO LEGUIZAMO | B64: C.E.R. YURIYA | C64: 1 | D64: ESMERALDA: Recorrido en la Vda. La Esmeralda sobre el rio Mecaya, parte desde la Escuela, hacia arriba llega hasta el puerto de la familia Collazos y hacia abajo hasta el puerto de la familia Patiño. | E64: 23 | F64: Fluvial | G64: 7 | H64: 19982 | I64: 16000 | J64: =+I64*G64 -> 112000 | M64: 16000 | N64: =+AVERAGE(M64) -> 16000 | O64: SI
A65: PUERTO LEGUIZAMO | B65: C.E.R. YURIYA | C65: 1 | D65: LOS MANGOS: Recorrido en la Vda. Los Mangos, parte desde la Escuela y llega hasta los límites con la Vda. La Esmeralda sobre el rio Mecaya y sobre el rio Yuriya hasta el puerto de la familia Saraza Perdomo. | E65: 24 | F65: Fluvial | G65: 8 | H65: 14986.5 | I65: 12000 | J65: =+I65*G65 -> 96000 | M65: 12000 | N65: =+AVERAGE(M65) -> 12000 | O65: SI
A66: PUERTO LEGUIZAMO | B66: C.E.R. YURIYA | C66: 1 | D66: YURIYA 1 Recorrido diario sobre el rio Mecaya, parte desde la ERM Yuriya hasta límites con la Vda. La Esmeralda y el Puerto de la EDS Yuriya. | E66: 33 | F66: Fluvial | G66: 12 | H66: 11989.2 | I66: 9000 | J66: =+I66*G66 -> 108000 | M66: 9000 | N66: =+AVERAGE(M66) -> 9000 | O66: SI
A67: PUERTO LEGUIZAMO | B67: C.E.R. YURIYA | C67: 1 | D67: YURIYA 2 INTERNADO semanal esta ruta recoge los estudiantes internos en el recorrido entre la Vda. El Diamante y la Vda. El Balsal, y sobre el rio Yuriya recoge en las inmediaciones de la Vda. Los Mangos y la Vda. Las Lajas. | E67: 29 | F67: Fluvial | G67: 36 | H67: 17983.8 | I67: 6000 | J67: =+I67*G67 -> 216000 | M67: 6000 | N67: =+AVERAGE(M67) -> 6000 | O67: SI
A68: PUERTO LEGUIZAMO | B68: C.E.R. YURIYA | C68: 1 | D68: LAS LAJAS Recorrido diario sobre el rio Yuriya, parte desde la ERM Las Lajas hasta límites con la Vda. Los Mangos. | E68: 25 | F68: Fluvial | G68: 10 | I68: 15000 | J68: =+I68*G68 -> 150000 | M68: 15000 | N68: =+AVERAGE(M68) -> 15000 | O68: SI
A69: PUERTO LEGUIZAMO | B69: C.E.R. YURIYA | C69: 1 | D69: LA FLORIDA: Recorrido en la Vda. La Florida sobre el rio Mecaya , parte desde la Escuela, hasta limites de la misma | E69: 15 | F69: Fluvial | G69: 5 | H69: 11789.38 | I69: 9000 | J69: =+I69*G69 -> 45000 | M69: 9000 | N69: =+AVERAGE(M69) -> 9000 | O69: SI
A70: PUERTO LEGUIZAMO | B70: C.E.R. YURIYA | C70: 1 | D70: BALSAL: Recorrido en La Vda. El Balsal sobre el rio Mecaya. Parte desde la Escuela, hacia abajo hasta los límites con la Vda. Pailitas y hasta y hacia arriba hasta el puerto del señor Ferney Baron. | E70: 25 | F70: Fluvial | G70: 8 | H70: 14586.86 | I70: 12000 | J70: =+I70*G70 -> 96000 | M70: 12000 | N70: =+AVERAGE(M70) -> 12000 | O70: SI
A71: PUERTO LEGUIZAMO | B71: IER OVER ANTONIO MORALES | C71: 1 | D71: Rio Putumayo sede CENTRAL lugares de residencia - sede y viceversa. Mañana y tarde, de lunes a viernes (doble recorrido) | E71: 10 | F71: Fluvial | G71: 15 | H71: 7992.8 | I71: 4750 | J71: =+I71*G71 -> 71250 | M71: 4750 | N71: =+AVERAGE(M71) -> 4750 | O71: SI
A72: PUERTO LEGUIZAMO | B72: IER OVER ANTONIO MORALES | C72: 2 | D72: Rio Putumayo, lugares de residencia - sede EL PARAISO y viceversa. Mañana y tarde, de lunes a viernes | E72: 8 | F72: Fluvial | G72: 10 | H72: 11989.2 | I72: 8600 | J72: =+I72*G72 -> 86000 | M72: 8600 | N72: =+AVERAGE(M72) -> 8600 | O72: SI
A73: PUERTO LEGUIZAMO | B73: IER OVER ANTONIO MORALES | C73: 3 | D73: Rio Putumayo, lugares de residencia - sede BAJO CASA CUNTE y viceversa. Mañana y tarde, de lunes a viernes | E73: 6 | F73: Fluvial | G73: 5 | K73: 18500 | L73: 18500 | N73: =+AVERAGE(K73:L73) -> 18500 | O73: NO
A74: PUERTO LEGUIZAMO | B74: IER OVER ANTONIO MORALES | C74: 4 | D74: Rio Putumayo, lugares de residencia - sede ISLA NUEVA y viceversa. Mañana y tarde, de lunes a viernes (doble recorrido) | E74: 12 | F74: Fluvial | G74: 9 | K74: 12500 | L74: 12500 | N74: =+AVERAGE(K74:L74) -> 12500 | O74: NO
A75: PUERTO LEGUIZAMO | B75: IER OVER ANTONIO MORALES | C75: 5 | D75: Rio Putumayo, lugares de residencia - sede LA ESPERANZA y viceversa. Mañana y tarde, de lunes a viernes | E75: 6 | F75: Fluvial | G75: 4 | K75: 22500 | L75: 22500 | N75: =+AVERAGE(K75:L75) -> 22500 | O75: NO
A76: PUERTO LEGUIZAMO | B76: IER OVER ANTONIO MORALES | C76: 6 | D76: Rio Putumayo, lugares de residencia - sede SOLARTE OBANDO y viceversa. Mañana y tarde, de lunes a viernes | E76: 8 | F76: Fluvial | G76: 5 | K76: 19000 | L76: 19000 | N76: =+AVERAGE(K76:L76) -> 19000 | O76: NO
A77: PUERTO LEGUIZAMO | B77: CENTRO ETNOEDUCATIVO RURAL INDIGENA EÑO MONAYA JITO | C77: 1 | D77: Sede Umancia hasta el Penella hacia arriba ida y vuelta por la rivera del rio caqueta. Todos los dias | E77: 24 km=2 hora | F77: Fluvial | G77: 4 | H77: 19522.414 | I77: 38000 | J77: =+I77*G77 -> 152000 | M77: 38000 | N77: =+AVERAGE(M77) -> 38000 | O77: SI
A78: PUERTO LEGUIZAMO | B78: CENTRO ETNOEDUCATIVO RURAL INDIGENA EÑO MONAYA JITO | C78: 2 | D78: sede umancia hasta el caserio santa elena ida y vuelta todos los dias por la rivera del rio caqueta | E78: 24 km=2 hora | F78: Fluvial | G78: 6 | H78: 12273.944 | I78: 38000 | J78: =+I78*G78 -> 228000 | M78: 38000 | N78: =+AVERAGE(M78) -> 38000 | O78: SI
A79: PUERTO LEGUIZAMO | B79: CENTRO ETNOEDUCATIVO RURAL INDIGENA EÑO MONAYA JITO | C79: 3 | D79: sede umancia hasta la vereda peñas rojas del caguan hacia arriba ida y vuelta por la rivera del rio caqueta cada 8 dias | E79: 48 km = 4 horas | F79: Fluvial | G79: 2 | I79: 42000 | J79: =+I79*G79 -> 84000 | M79: 42000 | N79: =+AVERAGE(M79) -> 42000 | O79: SI
A80: PUERTO LEGUIZAMO | B80: CENTRO ETNOEDUCATIVO RURAL INDIGENA EÑO MONAYA JITO | C80: 4 | D80: sede umancia hasta la vereda los estrechos ida y vuelta por la rivera del rio caqueta cada 20 dias (ruta alumnos internos) | E80: 5 horas | F80: Fluvial | G80: 6 | H80: 12562.683 | I80: 23000 | J80: =+I80*G80 -> 138000 | M80: 23000 | N80: =+AVERAGE(M80) -> 23000 | O80: SI
A81: PUERTO LEGUIZAMO | B81: CENTRO ETNOEDUCATIVO RURAL INDIGENA EÑO MONAYA JITO | C81: 5 | D81: Sede Jiri Jiri hasta el caserio las brisas ida y vuelta por la rivera caqueta, todos los dias | E81: 6 km= 30 min | F81: Fluvial | G81: 14 | H81: 12562.683 | I81: 25000 | J81: =+I81*G81 -> 350000 | M81: 25000 | N81: =+AVERAGE(M81) -> 25000 | O81: SI
A82: PUERTO LEGUIZAMO | B82: CENTRO ETNOEDUCATIVO RURAL INDIGENA EÑO MONAYA JITO | C82: 6 | D82: Sede el progreso hasta la Bocana del caño la Taguita ida y vuelta, todos los dias | E82: 12 km= 1 hora | F82: Fluvial | G82: 10 | K82: 13133.12 | L82: 13133.12 | N82: =+AVERAGE(K82:L82) -> 13133.12 | O82: NO
A83: PUERTO LEGUIZAMO | B83: CENTRO ETNOEDUCATIVO RURAL INDIGENA EÑO MONAYA JITO | C83: 7 | D83: Sede Consara hasta las Habitaciones aledañas, por el rio Mecaya ida y vuelta, todos los dias | E83: 12 km= 1 hora | F83: Fluvial | G83: 8 | H83: 12562.683 | I83: 30000 | J83: =+I83*G83 -> 240000 | M83: 30000 | N83: =+AVERAGE(M83) -> 30000 | O83: SI
A84: PUERTO LEGUIZAMO | B84: CENTRO ETNOEDUCATIVO RURAL INDIGENA EÑO MONAYA JITO | C84: 8 | D84: Sede la Primavera hasta la Vereda Huitora ida y vuelta por la ribera del rio Caqueta, todos los dias | E84: 12 km= 1 hora | F84: Fluvial | G84: 7 | K84: 13133.12 | L84: 13133.12 | N84: =+AVERAGE(K84:L84) -> 13133.12 | O84: NO
A85: PUERTO LEGUIZAMO | B85: CENTRO ETNOEDUCATIVO RURAL INDIGENA EÑO MONAYA JITO | C85: 9 | D85: Sede la Guajira hasta la vereda aledañas ida y vuelta por la rivera del rio Mecaya, todos los dias | E85: 12 km= 1 hora | F85: Fluvial | G85: 9 | K85: 13442.071 | L85: 13442.071 | N85: =+AVERAGE(K85:L85) -> 13442.071 | O85: NO
A86: PUERTO LEGUIZAMO | B86: CENTRO ETNOEDUCATIVO RURAL INDIGENA EÑO MONAYA JITO | C86: 10 | D86: Sede la Guaquira hasta la vereda aledañas ida y vuelta por la rivera del rio caqueta, todos los dias | E86: 6 Kms - 25 Horas | F86: Fluvial | G86: 5 | K86: 13133.12 | L86: 13133.12 | N86: =+AVERAGE(K86:L86) -> 13133.12 | O86: NO
A87: PUERTO LEGUIZAMO | B87: I.E.R. D+ONA SAFIA | C87: 1 | D87: Sede el Refugio -Comunidad Espejo Peru y viceversa. Rio Putumayo. Ocho veces al mes | E87: 96 km-12 horas | F87: Fluvial | G87: 6 | H87: 24303.107 | I87: 57500 | J87: =+I87*G87 -> 345000 | M87: 57500 | N87: =+AVERAGE(M87) -> 57500 | O87: SI
A88: PUERTO LEGUIZAMO | B88: I.E.R. D+ONA SAFIA | C88: 2 | D88: Sede el Refugio - Pto Leguizamo) y viceversa. Rio Putumayo. Ocho veces al año | E88: 91 km-6 horas | F88: Fluvial | G88: 6 | H88: 50799.24 | I88: 47000 | J88: =+I88*G88 -> 282000 | M88: 47000 | N88: =+AVERAGE(M88) -> 47000 | O88: SI
A89: PUERTO LEGUIZAMO | B89: I.E.R. D+ONA SAFIA | C89: 3 | D89: Sede el Refugio - cabildo puerto perea). ( cabildo puerto perea - Sede el Refugio - ) y Viceversa. Rio Putumayo. Diario | E89: 2 km-1 horas | F89: Fluvial | G89: 7 | H89: 24303.107 | I89: 28000 | J89: =+I89*G89 -> 196000 | M89: 28000 | N89: =+AVERAGE(M89) -> 28000 | O89: SI
A90: PUERTO LEGUIZAMO | B90: I.E.R. D+ONA SAFIA | C90: 4 | D90: Sede el Refugio - cabildo puerto puntales). ( cabildo puerto puntales - Sede el Refugio - ) y Viceversa. Diario | E90: 4 km-2 horas | F90: Fluvial | G90: 11 | H90: 45769.77 | I90: 42000 | J90: =+I90*G90 -> 462000 | M90: 42000 | N90: =+AVERAGE(M90) -> 42000 | O90: SI
A91: PUERTO LEGUIZAMO | B91: I.E.R. D+ONA SAFIA | C91: 5 | D91: Sede el Refugio (rio putumayo) - cabildo umancia - (rio caqueta). ( cabildo umancia - (rio caqueta)- Sede el Refugio (rio putumayo) y Viceversa. Rio Putumayo. Ocho veces al año | E91: 113 kms-14 horas | F91: Fluvial | G91: 10 | H91: 31796.357 | I91: 59000 | J91: =+I91*G91 -> 590000 | M91: 59000 | N91: =+AVERAGE(M91) -> 59000 | O91: SI
A92: PUERTO LEGUIZAMO | B92: I.E.R. D+ONA SAFIA | C92: 6 | D92: Sede Bellavista - Habitaciones Aledañas - Sede Bellavista y Viceversa. Rio Putumayo. Todos los Dias. | E92: 2 kms-1 horas | F92: Fluvial | G92: 6 | K92: 20024.132 | L92: 20024.132 | N92: =+AVERAGE(K92:L92) -> 20024.132 | O92: NO
A93: PUERTO LEGUIZAMO | B93: I.E.R. D+ONA SAFIA | C93: 7 | D93: Sede Martha Lucia Lotero - Habitaciones Aledañas - Sede Martha Lucia Lotero y Viceversa. Rio Putumayo. Todos los Dias. | E93: 2 kms-1 horas | F93: Fluvial | G93: 2 | K93: 31317.439 | L93: 31317.439 | N93: =+AVERAGE(K93:L93) -> 31317.439 | O93: NO
A94: PUERTO LEGUIZAMO | B94: I.E.R. D+ONA SAFIA | C94: 8 | D94: Sede Ka+ Iyano - Habitaciones Aledañas - Sede Ka+ Iyano y Viceversa. Rio Putumayo. Todos los Dias. | E94: 2 kms-1 horas | F94: Fluvial | G94: 2 | K94: 31317.439 | L94: 31317.439 | N94: =+AVERAGE(K94:L94) -> 31317.439 | O94: NO
A95: PUERTO LEGUIZAMO | B95: I.E.R. D+ONA SAFIA | C95: 9 | D95: Sede Bellavista - sede central el Refugio ) sede central el Refugio sede bella vista) y viseversa. Rio Putumayo - Ocho veces al año. | E95: 4 km-2 horas | F95: Fluvial | G95: 11 | H95: 40955.107 | I95: 30000 | J95: =+I95*G95 -> 330000 | M95: 30000 | N95: =+AVERAGE(M95) -> 30000 | O95: SI
A96: PUERTO LEGUIZAMO | B96: I.E.R. D+ONA SAFIA | C96: 10 | D96: Sede Martha Lucia Lotero - sede central el Refugio) (sede central el Refugio - Sede Martha Lucia Lotero y Viceversa. Rio Putumayo. ocho veces al año. | E96: 4 km-2 horas | F96: Fluvial | G96: 5 | H96: 39118.761 | I96: 30000 | J96: =+I96*G96 -> 150000 | M96: 30000 | N96: =+AVERAGE(M96) -> 30000 | O96: SI
A97: PUERTO LEGUIZAMO | B97: I.E.R. D+ONA SAFIA | C97: 11 | D97: (Sede Ka+ Iyano - Sede central el Refugio)- (Sede central el Refugio Sede Ka+ Iyano) y Viceversa. Rio Putumayo. ocho veces al año | E97: 4 km-2 horas | F97: Fluvial | G97: 9 | H97: 38119.661 | I97: 30000 | J97: =+I97*G97 -> 270000 | M97: 30000 | N97: =+AVERAGE(M97) -> 30000 | O97: SI
A98: PUERTO LEGUIZAMO | B98: IER NUEVA APAYA | C98: 1 | D98: Sede Principal- Rio Putumayo cada 8 días- 8 veces al mes. | E98: 15 | F98: Fluvial | G98: 86 | H98: 15985.6 | I98: 15000 | J98: =+I98*G98 -> 1290000 | M98: 15000 | N98: =+AVERAGE(M98) -> 15000 | O98: SI
A99: PUERTO LEGUIZAMO | B99: IER NUEVA APAYA | C99: 2 | D99: Sede Principal -Rio putumayo, todos los días | E99: 10 | F99: Fluvial | G99: 17 | H99: 14986.5 | I99: 15000 | J99: =+I99*G99 -> 255000 | M99: 15000 | N99: =+AVERAGE(M99) -> 15000 | O99: SI
A100: PUERTO LEGUIZAMO | B100: IER NUEVA APAYA | C100: 3 | D100: Sede alto casacunte- Caño Santa María, todos los días | E100: 6 | F100: Fluvial | G100: 4 | H100: 21255.853 | I100: 15000 | J100: =+I100*G100 -> 60000 | M100: 15000 | N100: =+AVERAGE(M100) -> 15000 | O100: SI
A101: PUERTO LEGUIZAMO | B101: IER NUEVA APAYA | C101: 4 | D101: Sede la Reforma- Rio putumayo, todos los días | E101: 5 | F101: Fluvial | G101: 9 | K101: 23812.799 | L101: 23812.799 | N101: =+AVERAGE(K101:L101) -> 23812.799 | O101: NO
...
